 Dungeon Crawl Stone Soup version 0.31-a0-1574-g5526595cd0 (webtiles) character file.

Game seed: 7606646224952753893

12362935 IkaDoka the Intangible (level 27, 273/273 HPs)
             Began as a Demonspawn Summoner on Jan 4, 2024.
             Was a High Priest of Ashenzari.
             Escaped with the Orb
             ... and 15 runes!
             The game lasted 07:36:17 (131119 turns).

IkaDoka the Intangible (Demonspawn Summoner)      Turns: 131119, Time: 07:36:18

Health: 273/273    AC: 39    Str: 23    XL:     27
Magic:  62/67      EV: 20    Int: 38    God:    Ashenzari [*****.]
Gold:   8562       SH: 16    Dex: 14    Spells: 3/80 levels left

rFire   + + .        q - +9 scimitar "Duskigymp" {venom, rN+++ Str+4 Int+3 Dex-5}
rCold   + . .        d - +3 kite shield of Desmomancy {reflect, Melee, Fort} (curse)
rNeg    + + +        Y - +9 storm dragon scales "Prison of Ashenzari" {rElec rF+ rCorr Str+2 Dex-2, Comp, Dev} (curse)
rPois   +            F - +3 hat of Pondering {ponderous, Will+ MP+10 Int+5, Sorc, Comp} (curse)
rElec   +            G - +2 cloak "Annoyance of Ashenzari" {Stlth+, Comp, Fort} (curse)
rCorr   +            m - +0 pair of gloves "Share My Portent" {Int+8 Dex+3, Self, Comp} (curse)
SInv    +            (boots unavailable)
Will    +++++        O - amulet "Overhang to Understand" {Acrobat rElec Int+3 Slay+6 Stlth-, Comp, Fort} (curse) Stlth
                     N - ring of the Shackled Seer {Will+++ MP+9, Elem, Sorc} (curse)
HPRegen 0.65/turn    z - ring "Share My Desperation" {rC+ rN+ Dex+4, Self, Elem} (curse)
MPRegen 0.40/turn

%: reflection, acrobat, clarity
@: studying 3 skills, slow
A: hooves 3, slimy green scales 3, hurl damnation, powered by pain 3, spiny 3,
torment resistance 1, demonic willpower, berserk 1, clumsy 1, deformed body,
fire resistance 1, low MP 1, sense surroundings 1, robust 1, wild magic 1,
MP-powered wands
0: Orb of Zot
}: 15/15 runes: decaying, slimy, silver, golden, iron, obsidian, icy, bone,
abyssal, demonic, glowing, magical, fiery, dark, gossamer
a: Hurl Damnation, Renounce Religion, Shatter the Chains


You escaped.
You worshipped Ashenzari.
Ashenzari was extremely pleased with you.
You visited 18 branches of the dungeon, and saw 88 of its levels.
You visited Pandemonium 1 time, and saw 16 of its levels.
You visited the Abyss 1 time.
You also visited: Bailey, Gauntlet and Ice Cave.

You collected 18838 gold pieces.
You spent 10276 gold pieces at shops.

Inventory:

Hand Weapons
 q - the +9 scimitar "Duskigymp" (weapon) {venom, rN+++ Str+4 Int+3 Dex-5}
   (You found it on level 5 of the Vaults)

   Str+4:     It affects your strength (+4).
   Int+3:     It affects your intelligence (+3).
   Dex-5:     It affects your dexterity (-5).
   rN+++:     It renders you almost immune to negative energy.
Missiles
 c - 11 throwing nets
Armour
 d - the cursed +3 kite shield of Desmomancy (worn) {reflect, Melee, Fort}
   (You took it off Donald on level 2 of the Orcish Mines)

   It has a curse which improves the following skills: Melee Combat: Short
   Blades, Long Blades, Axes, Maces & Flails, Polearms, Staves and Unarmed
   Combat.
   Fortitude: Armour and Shields.
 m - the cursed +0 pair of gloves "Share My Portent" (worn) {Int+8 Dex+3, Self, Comp}
   (You found it in a Gauntlet)

   Int+8:     It affects your intelligence (+8).
   Dex+3:     It affects your dexterity (+3).
   It has a curse which improves the following skills: Introspection: Fighting
   and Spellcasting.
   Companions: Summonings and Necromancy.
 F - the cursed +3 hat of Pondering (worn) {ponderous, Will+ MP+10 Int+5, Sorc, Comp}
   (You took it off Gastronok on level 11 of the Dungeon)

   Int+5:     It affects your intelligence (+5).
   Will+:     It increases your willpower.
   MP+10:     It affects your magic capacity (+10).
   It has a curse which improves the following skills: Sorcery: Conjurations and
   Alchemy.
   Companions: Summonings and Necromancy.
 G - the cursed +2 cloak "Annoyance of Ashenzari" (worn) {Stlth+, Comp, Fort}
   (You took it off Maurice on level 2 of the Orcish Mines)

   It has a curse which improves the following skills: Companions: Summonings
   and Necromancy.
   Fortitude: Armour and Shields.
 Y - the cursed +9 storm dragon scales "Prison of Ashenzari" (worn) {rElec rF+ rCorr Str+2 Dex-2, Comp, Dev}
   (You found it in Pandemonium)

   Str+2:     It affects your strength (+2).
   Dex-2:     It affects your dexterity (-2).
   rF+:       It protects you from fire.
   rElec:     It insulates you from electricity.
   rCorr:     It protects you from acid and corrosion.
   It has a curse which improves the following skills: Companions: Summonings
   and Necromancy.
   Devices:   Evocations and Shapeshifting.
Jewellery
 z - the cursed ring "Share My Desperation" (right hand) {rC+ rN+ Dex+4, Self, Elem}
   (You found it on level 3 of the Crypt)

   [ring of positive energy]

   Dex+4:     It affects your dexterity (+4).
   rC+:       It protects you from cold.
   rN+:       It protects you from negative energy.
   It has a curse which improves the following skills: Introspection: Fighting
   and Spellcasting.
   Elements:  Fire Magic, Ice Magic, Air Magic and Earth Magic.
 N - the cursed ring of the Shackled Seer (left hand) {Will+++ MP+9, Elem, Sorc}
   (You found it in a Gauntlet)

   [ring of magical power]

   Will+++:   It greatly increases your willpower.
   MP+9:      It affects your magic capacity (+9).
   It has a curse which improves the following skills: Elements: Fire Magic, Ice
   Magic, Air Magic and Earth Magic.
   Sorcery:   Conjurations and Alchemy.
 O - the cursed amulet "Overhang to Understand" (around neck) {Acrobat rElec Int+3 Slay+6 Stlth-, Comp, Fort}
   (You found it in a Gauntlet)

   [amulet of the acrobat]

   Acrobat:   It increases your evasion while moving and waiting.
   Int+3:     It affects your intelligence (+3).
   Slay+6:    It affects your accuracy & damage with ranged weapons and melee
   (+6).
   rElec:     It insulates you from electricity.
   Stlth-:    It makes you less stealthy.
   It has a curse which improves the following skills: Companions: Summonings
   and Necromancy.
   Fortitude: Armour and Shields.
Wands
 y - a wand of paralysis (105)
 L - a wand of roots (72)
 Q - a wand of digging (18)
 S - a wand of light (57)
Scrolls
 f - 11 scrolls of fear
 h - 10 scrolls of vulnerability
 j - 7 scrolls of butterflies
 k - 12 scrolls of poison
 n - 22 scrolls of teleportation
 p - 7 scrolls of revelation
 s - a scroll of enchant armour
 t - 5 scrolls of noise
 w - 17 scrolls of fog
 x - 7 scrolls of torment
 D - 2 scrolls of brand weapon
 P - 3 scrolls of silence
 U - a scroll of amnesia
Potions
 a - 5 potions of haste
 b - 9 potions of magic
 e - 3 potions of berserk rage
 i - a potion of mutation
 u - 38 potions of curing
 v - a potion of invisibility
 A - 13 potions of enlightenment
 B - 6 potions of cancellation
 E - 14 potions of might
 H - 12 potions of brilliance
 I - 9 potions of lignification
 J - 3 potions of resistance
 M - 6 potions of ambrosia
Miscellaneous
 l - the horn of Geryon
 o - a phantom mirror (inert)
 r - a lightning rod (4/4)
 R - a sack of spiders
 T - a condenser vane (inert)


   Skills:
 - Level 24.9(27) Fighting
 - Level 11.9(14.0) Long Blades
 - Level 0.4(1.2) Axes
 - Level 23.7(27) Armour
 O Level 27 Dodging
 - Level 1.7 Stealth
 - Level 10.6(14.8) Shields
 - Level 24.4(27) Spellcasting
 - Level 24.1(26.8) Conjurations
 - Level 22.8(27) Summonings
 - Level 3.3(8.1) Necromancy
 - Level 8.0 Translocations
 - Level 3.0(5.6) Fire Magic
 + Level 22.2(25.0) Ice Magic
 - Level 1.7(3.9) Air Magic
 - Level 16.5(19.5) Earth Magic
 - Level 12.6(14.6) Evocations


You had 3 spell levels left.
You knew the following spells:

 Your Spells              Type           Power      Damage    Failure   Level
a - Dragon's Call         Summ           73%        N/A       3%          9
b - Lehudib's Crystal Sp  Conj/Erth      69%        10d16     1%          8
c - Apportation           Tloc           100%       N/A       1%          1
d - Malign Gateway        Summ/Tloc      63%        N/A       1%          7
e - Summon Mana Viper     Hex/Summ       100%       N/A       1%          5
f - Summon Forest         Summ/Tloc      63%        N/A       1%          5
g - Polar Vortex          Ice            71%        12d9*     8%          9
h - Animate Armour        Summ/Erth      100%       N/A       1%          4
i - Summon Horrible Thin  Summ           73%        N/A       1%          8
j - Spellforged Servitor  Conj/Summ      73%        N/A       1%          7
k - Haunt                 Necr/Summ      63%        N/A       1%          7
l - Mephitic Cloud        Conj/Alch/Air  100%       N/A       1%          3
z - Martyr's Knell        Necr/Summ      100%       N/A       1%          4

Your spell library contained the following spells:

 Spells                   Type           Power      Damage    Failure   Level
 Foxfire                  Conj/Fire      100%       2x1d9     1%          1
 Magic Dart               Conj           100%       1d8       1%          1
 Necrotise                Necr           100%       1d9       1%          1
 Sandblast                Erth           100%       2d20      1%          1
 Shock                    Conj/Air       100%       1d9       1%          1
 Sting                    Conj/Alch      100%       1d9       1%          1
 Summon Small Mammal      Summ           100%       N/A       1%          1
 Blink                    Tloc           100%       N/A       1%          2
 Call Imp                 Summ           100%       N/A       1%          2
 Cigotuvi's Dreadful Rot  Necr/Alch/Air  100%       N/A       1%          2
 Ensorcelled Hibernation  Hex/Ice        100%       N/A       1%          2
 Lesser Beckoning         Tloc           100%       N/A       1%          2
 Mercury Vapours          Alch/Air       100%       N/A       1%          2
 Momentum Strike          Conj/Tloc      100%       3d10      1%          2
 Scorch                   Fire           100%       2d9       1%          2
 Static Discharge         Conj/Air       100%       3-8/arc   1%          2
 Sublimation of Blood     Necr           99%        N/A       1%          2
 Call Canine Familiar     Summ           100%       N/A       1%          3
 Dazzling Flash           Conj/Hex       100%       N/A       1%          3
 Fugue of the Fallen      Necr           99%        N/A       1%          3
 Gell's Gravitas          Tloc           98%        N/A       1%          3
 Hailstorm                Conj/Ice       100%       3d16      1%          3
 Ozocubu's Armour         Ice            100%       N/A       1%          3
 Passwall                 Erth           100%       N/A       1%          3
 Stone Arrow              Conj/Erth      100%       3d13      1%          3
 Summon Ice Beast         Ice/Summ       100%       N/A       1%          3
 Swiftness                Air            81%        N/A       1%          3
 Teleport Other           Tloc           98%        N/A       1%          3
 Vampiric Draining        Necr           99%        2d13      1%          3
 Volatile Blastmotes      Fire/Tloc      100%       2d18      1%          3
 Slow                     Hex            100%       N/A       2%          1
 Inner Flame              Hex/Fire       76%        N/A       2%          3
 Jinxbite                 Hex            100%       N/A       3%          2
 Confusing Touch          Hex            61%        N/A       6%          3
 Sigil of Binding         Hex            61%        N/A       6%          3
 Tukima's Dance           Hex            61%        N/A       6%          3
 Animate Dead             Necr           99%        N/A       1%          4
 Brom's Barrelling Bould  Conj/Erth      100%       2d11      1%          4
 Flame Wave               Conj/Fire      100%       2d21      1%          4
 Fulminant Prism          Conj/Alch      58%        3d24      1%          4
 Iskenderun's Mystic Bla  Conj/Tloc      100%       2d19      1%          4
 Leda's Liquefaction      Alch/Erth      52%        N/A       1%          4
 Manifold Assault         Tloc           98%        N/A       1%          4
 Passage of Golubria      Tloc           98%        N/A       1%          4
 Petrify                  Alch/Erth      100%       N/A       1%          4
 Summon Blazeheart Golem  Fire/Summ      100%       N/A       1%          4
 Summon Lightning Spire   Summ/Air       100%       N/A       1%          4
 Arcjolt                  Conj/Air       60%        1d70      1%          5
 Borgnjor's Vile Clutch   Necr/Erth      58%        N/A       1%          5
 Fireball                 Conj/Fire      61%        3d23      1%          5
 Freezing Cloud           Conj/Ice/Air   64%        6-21      1%          5
 Irradiate                Conj/Alch      58%        3d31      1%          5
 Iskenderun's Battlesphe  Conj           100%       2d15      1%          5
 Lee's Rapid Deconstruct  Erth           65%        3d30*     1%          5
 Bombard                  Conj/Erth      69%        9d11      1%          6
 Conjure Ball Lightning   Conj/Air       60%        3x3d22    1%          6
 Starburst                Conj/Fire      61%        6d16      1%          6
 Summon Cactus Giant      Summ           73%        N/A       1%          6
 Monstrous Menagerie      Summ           73%        N/A       1%          7
 Orb of Destruction       Conj           73%        9d17      1%          7
 Ozocubu's Refrigeration  Ice            71%        4d23      1%          7
 Summon Hydra             Summ           73%        N/A       1%          7
 Vhi's Electric Charge    Tloc/Air       100%       N/A       2%          4
 Curse of Agony           Necr           99%        N/A       2%          5
 Sculpt Simulacrum        Ice/Alch       56%        N/A       2%          6
 Airstrike                Air            40%        2d(6-22)  4%          4
 Anguish                  Hex/Necr       41%        N/A       4%          4
 Dimensional Bullseye     Hex/Tloc       41%        N/A       4%          4
 Ignite Poison            Fire/Alch      77%        N/A       6%          4
 Sticky Flame             Fire/Alch      77%        2d12      6%          4
 Death Channel            Necr           49%        N/A       11%         6
 Dispersal                Tloc           49%        N/A       12%         6
 Olgreb's Toxic Radiance  Alch           63%        N/A       16%         4
 Cause Fear               Hex            30%        N/A       19%         4
 Silence                  Hex/Air        36%        N/A       22%         5
 Plasma Beam              Fire/Air       42%        2x1d56    36%         6
 Alistair's Intoxication  Alch           42%        N/A       38%         5
 Yara's Violent Unravell  Hex/Alch       31%        3d13      41%         5
 Eringya's Noxious Bog    Alch           31%        4d6       90%         6
 Borgnjor's Revivificati  Necr           49%        N/A       98%         8
 Disjunction              Tloc           49%        N/A       98%         8
 Infestation              Necr           49%        N/A       98%         8
 Enfeeble                 Hex            30%        N/A       100%        7
 Discord                  Hex            30%        N/A       100%        8
 Ignition                 Fire           44%        3d13      100%        8
 Maxwell's Capacitive Co  Air            40%        ∞         100%        8
 Death's Door             Necr           49%        N/A       100%        9


Dungeon Overview and Level Annotations

Branches:
Dungeon (15/15)            Temple (1/1) D:5            Lair (5/5) D:11
  Swamp (4/4) Lair:2       Spider (4/4) Lair:3        Slime (5/5) Lair:4
    Orc (2/2) D:10            Elf (3/3) Orc:2        Vaults (5/5) D:13
  Crypt (3/3) Vaults:3       Tomb (3/3) Crypt:3      Depths (4/4) D:15
   Hell (visited)             Dis (7/7) Hell            Geh (7/7) Hell
    Coc (7/7) Hell            Tar (7/7) Hell            Zot (5/5) Depths:4
 Bailey (visited)           IceCv (visited)         Gauntlet (visited)

Altars:
Ashenzari
Cheibriados
Dithmenos
Fedhas
Gozag
Hepliaklqana
Kikubaaqudgha
Makhleb
Nemelex Xobeh
Okawaru
Qazlal
Ru
Sif Muna
Trog
Uskayaw
Vehumet
Wu Jian
Xom
Yredelemnul
Jiyva
Lugonu

Shops:
D:6 !   D:10 (   Orc:1 *   Orc:2 !(*==   Elf:1 *   Depths:2 ::   Depths:4 ::=

Portals:
Hell: Depths:1 Depths:2 Depths:3 Depths:4
Abyss: D:3 Lair:5 Depths:3
Pandemonium: Orc:2 Depths:2 Depths:4
Ziggurat: Depths:2

Annotations:
D:3 2 transporters, hitsuchi's ghost, amateur NaAl
Elf:2 2 runed translucent doors
Crypt:3 exclusion: 3 doors
Tomb:3 Khufu
Depths:1 3 runed translucent doors, Kypsezeg's ghost, veteran GrEE
Depths:2 3 runed translucent doors


Innate Abilities, Weirdness & Mutations

You have hooves in place of feet.
You are completely covered in slimy green scales. (AC +4, rPois)
You can hurl damnation.
You are powered by pain.
You are completely covered in sharp spines.
You are resistant to unholy torment.
You punish those that try to bend your will. (Will+)
You sometimes lose your temper in combat.
You are clumsy. (Dex -2)
Armour fits poorly on your strangely shaped body.
Your flesh is heat resistant. (rF+)
Your magical capacity is low. (-10% MP)
You passively map a small area around you.
You are robust. (+10% HP)
Your spells are a little harder to cast, but a little more powerful.
You expend magic power (3 MP) to strengthen your wands.


Message History

Aim: an Orb Guardian (79% to hit)
The crystal spear misses the Orb Guardian.
Unknown command.
Casting: Lehudib's Crystal Spear (mildly dangerous; 1% risk of failure)
Confirm with . or Enter, or press ? or * to list all spells.
Aiming: Lehudib's Crystal Spear (mildly dangerous; 1% risk of failure)
Press: ? - help, Shift-Dir - straight line, f/p - Orb Guardian
Aim: an Orb Guardian (79% to hit)
The crystal spear misses the Orb Guardian.
The Orb Guardian is struck by your spines.
The Orb Guardian hits you but does no damage.
Unknown command.
You slash the Orb Guardian!
The Orb Guardian looks as sick as possible!
You kick the Orb Guardian!
The Orb Guardian is heavily wounded.
You block the Orb Guardian's attack.
You hit the Orb Guardian but do no damage.
The Orb Guardian looks as sick as possible!
You kick the Orb Guardian.
The Orb Guardian is heavily wounded.
The Orb Guardian hits you!!
You slice the Orb Guardian!!
The Orb Guardian looks as sick as possible!
Your kick misses the Orb Guardian.
The Orb Guardian is severely wounded.
You block the Orb Guardian's attack.
You hit the Orb Guardian.
The Orb Guardian looks as sick as possible!
You kick the Orb Guardian, but do no damage.
The Orb Guardian is almost dead.
The Orb Guardian is struck by your spines.
You kill the Orb Guardian!
There is a staircase leading out of the dungeon here.
You start resting.
HP restored.
You start resting.
A demonic crawler comes into view.
The demonic crawler gives a hideous shriek!
You have escaped!

.# #.# .###### ##########.##
.##...# #............ ....#.#
####### #.########.#.
..#...#######.....# #{# #...
...#..........#s..##############.
..#########.###...'>>#'......# ##
.## #.# #...###>#..>...# # .#
#####.# #.@.##.##......# .#
#.....# #..>#.#######'## +##
#.##### ######># #..# # ..## #.#
######'### #..# ## ...## #.####
#........# #..###.
....###.##.###........# #..##..
.....##.#...##........########...
.).(.........................'...
......#.#...#######........###...


You could see a demonic crawler.

Vanquished Creatures
  Gloorx Vloq (Pan)
  7 pandemonium lords
  2 dread liches
  2 ancient liches
  An orb of fire (Zot:5)
  Xtahua (Depths:4)
  Josephina (Crypt:3)
  11 royal mummies
  A Killer Klown (Zot:5)
  Boris (Tomb:1)
  A shard shrike (Coc:7)
  Bai Suzhen (Swamp:3)
  7 caustic shrikes
  4 curse toes
  2 golden dragons
  A profane servitor (Tar:4)
  8 bone dragons
  A doom hound (Tar:7)
  A hellephant (D:3)
  5 Brimstone Fiends
  4 Tzitzimimeh
  2 electric golems
  4 iron giants (Dis:7)
  9 tentacled monstrosities
  3 tainted leviathans
  2 deep elf blademasters (Elf:3)
  9 Orb Guardians
  A shard shrike skeleton (Tar:7)
  7 liches
  16 Ice Fiends
  5 searing wretches
  11 Hell Sentinels
  3 titans
  A walking divine tome (Abyss:2)
  Murray (Hell)
  3 quicksilver dragons
  8 ancient champions
  2 deep elf master archers (Elf:3)
  A sphinx (Vaults:4)
  25 Executioners (Pan)
  An acid blob (Slime:1)
  3 tentacled starspawn
  Gastronok (D:11)
  A kraken (Abyss:2)
  Kirke (D:13)
  5 tengu reavers
  7 storm dragons
  A rockslime (Slime:2)
  Roxanne (Elf:1)
  2 shadow dragons
  2 draconian monks (Zot:2)
  2 protean progenitors (Pan)
  2 azure jellies
  2 demonspawn warmongers (Pan)
  A revenant (Crypt:2)
  2 fenstrider witches
  10 vault wardens
  3 quicksilver elementals
  2 draconian knights
  2 fire giants
  5 deep elf sorcerers
  7 narguns
  7 ghost moths
  3 iron dragons
  An emperor scorpion (Spider:3)
  A deep elf elementalist (Elf:3)
  2 frost giants
  A juggernaut zombie (Tomb:3)
  3 angels
  A draconian stormcaller (Zot:2)
  3 curse skulls
  6 shard shrike simulacra
  16 balrugs
  4 draconian annihilators
  A draconian scorcher (Depths:4)
  A reaper (Tar:6)
  2 demonspawn corrupters (Pan)
  6 ironbound thunderhulks
  9 ironbound preservers
  2 caustic shrike zombies
  2 cacodemons (Pan)
  2 ghouls (Crypt:2)
  3 orc warlords
  4 broodmothers
  A demonspawn blood saint (Pan)
  2 quicksilver oozes (Slime:4)
  14 lorocyprocas (Pan)
  3 caustic shrike skeletons (Pan)
  5 formless jellyfish
  2 very ugly things (Vaults:5)
  14 elemental wellsprings
  An eleionoma (Swamp:2)
  4 deep elf annihilators
  5 juggernaut skeletons (Pan)
  A black draconian (Zot:4)
  4 green draconians
  6 stone giants
  A minotaur (Gauntlet)
  2 demonspawn black suns (Pan)
  3 putrid mouths
  14 starcursed masses
  5 vampire knights
  4 red draconians
  A bennu (Tomb:3)
  4 deep elf demonologists
  A purple draconian (Zot:5)
  3 wendigos
  6 war gargoyles
  3 white draconians
  A dire elephant (Vaults:4)
  5 spark wasps
  3 deep elf death magi
  2 bunyips
  2 yellow draconians
  5 iron golems
  5 eidola
  5 blizzard demons
  5 crystal guardians
  8 green deaths
  7 ettins
  5 fire dragons
  2 jiangshi (Crypt:3)
  2 deep elf high priests
  4 mummy priests
  2 entropy weavers
  5 yaktaur captains
  A spriggan zombie (Crypt:2)
  5 vault guards
  4 ice dragons
  6 great orbs of eyes
  3 caustic shrike simulacra
  3 ghost crabs
  Erolcha (D:11)
  8 rakshasas
  3 ironbound frosthearts
  2 jorogumos
  4 peacekeepers
  4 alligators
  2 hell beasts (Pan)
  A catoblepas (D:14)
  7 hydras
  2 centaur warriors
  12 dancing weapons
  A death knight (Crypt:1)
  2 two-headed ogres
  7 death yaks
  4 stokers (Geh:7)
  5 boulder beetles
  2 orc high priests (Orc:1)
  4 tengu warriors
  A deep troll shaman (Depths:1)
  10 death scarabs
  A bennu skeleton (Crypt:1)
  4 spriggan berserkers
  4 hell hogs
  A quicksilver ooze zombie (Crypt:3)
  7 vampire magi
  7 demonic crawlers (Pan)
  An occultist (Depths:1)
  11 thrashing horrors
  5 hellephant skeletons (Pan)
  24 soul eaters
  8 wretched stars
  4 crystal echidnas
  8 deep elf knights
  A spectral bunyip (Tar:1)
  31 sun demons
  A fire crab (Gauntlet)
  4 pharaoh ants
  A quicksilver dragon simulacrum (Coc:4)
  A skyshark (Lair:5)
  35 deep trolls
  15 sixfirhies
  10 skeletal warriors
  11 shadow wraiths
  A storm dragon skeleton (Tomb:1)
  A flayed ghost (Crypt:3)
  2 orb spiders
  4 spectral anacondas
  4 spriggan druids
  A mana viper (shapeshifter) (Vaults:5)
  11 shadow demons (Pan)
  12 sun moths (Pan)
  A spectral hydra (Tar:1)
  A spark wasp zombie (Crypt:1)
  3 bog bodies (Swamp:1)
  7 glowing orange brains
  A swamp dragon (shapeshifter) (Vaults:5)
  A golden dragon zombie (Tar:7)
  2 kraken simulacra (Coc:7)
  A steelbarb worm (shapeshifter) (Elf:1)
  An alligator zombie (Crypt:2)
  A lindwurm (shapeshifter) (Elf:1)
  7 ironbound convokers
  11 deep elf zephyrmancers
  7 lindwurms
  2 swamp dragons
  10 orc knights
  10 steelbarb worms
  3 necromancers
  An obsidian statue (Depths:1)
  9 phantasmal warriors
  6 wolf spiders
  6 orc sorcerers
  A fire giant zombie (Crypt:2)
  18 deep elf pyromancers
  A frost giant zombie (Vaults:1)
  16 ugly things
  2 manticores
  33 large abominations
  5 worldbinders
  8 moths of wrath
  A stone giant skeleton (Crypt:1)
  6 meliai
  9 elephants
  3 black mambas
  2 apocalypse crabs
  3 cyclopes
  2 eyes of devastation (Pan)
  3 rust devils
  A meliai (shapeshifter) (Elf:1)
  10 vault sentinels
  A black mamba (shapeshifter) (Abyss:2)
  A titan simulacrum (Coc:7)
  A torpor snail (Spider:4)
  A dire elephant zombie (Tomb:1)
  A molten gargoyle (Hell)
  35 smoke demons
  5 orange demons
  6 hellions
  A minotaur zombie (Gauntlet)
  10 cane toads
  A rime drake (Lair:2)
  A yaktaur zombie (Vaults:1)
  A centaur skeleton (D:13)
  A kobold demonologist (D:13)
  A dire elephant skeleton (Abyss:1)
  7 komodo dragons
  4 unseen horrors
  A swamp worm zombie (Crypt:2)
  2 tengu conjurers
  14 guardian mummies
  5 freezing wraiths
  3 anaconda simulacra
  4 efreet
  6 tormentors
  An iron giant simulacrum (Coc:7)
  12 yaktaurs
  Psyche (D:8)
  3 ice devils
  2 ancient zymes
  A red devil (Pan)
  A great orb of eyes zombie (Crypt:3)
  2 spectral harpies
  9 hellwings
  2 trolls
  A silent spectre (Tar:1)
  10 tarantellas
  2 wind drakes (Pan)
  7 hornets
  A polar bear (Lair:3)
  A tarantella (shapeshifter) (Lair:5)
  12 blink frogs
  10 raiju
  3 tyrant leeches
  A glass eye (Abyss:4)
  A stone giant simulacrum (Crypt:2)
  4 dream sheep (Lair:3)
  10 jumping spiders
  24 slime creatures
  3 water elementals
  21 small abominations
  4 wraiths
  An air elemental (Elf:1)
  A shadow (D:10)
  5 culicivoras
  19 ynoxinuls
  2 vampires
  5 spriggans
  A fire elemental (Swamp:4)
  4 wyverns
  A naga simulacrum (Crypt:3)
  8 fire bats
  22 yaks
  A dire elephant simulacrum (Coc:7)
  5 basilisks (Lair:5)
  3 neqoxecs
  15 redbacks
  3 golden eyes
  4 hogs (D:13)
  5 vampire mosquitoes
  A death yak simulacrum (Lair:3)
  A warg (Orc:1)
  3 steam dragons
  5 harpy simulacra
  A skyshark zombie (Crypt:1)
  16 chaos spawn
  2 swamp worms
  4 hell hounds
  13 water moccasins
  41 nameless horrors
  A two-headed ogre skeleton (Crypt:1)
  24 orc warriors
  A sky beast (D:8)
  6 swamp drakes
  11 wolves
  An ice beast (D:5)
  37 laughing skulls
  5 ogres
  An ettin simulacrum (Coc:4)
  2 boggarts
  5 centaurs
  A swamp dragon skeleton (Crypt:1)
  5 weeping skulls
  2 elf zombies (Elf:1)
  A brain worm (Pan)
  10 bullfrogs
  2 kobold brigands
  5 earth elementals
  A komodo dragon skeleton (Crypt:3)
  A scorpion (D:5)
  A yaktaur skeleton (Crypt:1)
  A cane toad simulacrum (Lair:3)
  A troll zombie (Crypt:1)
  7 wights
  A vampire bat (D:15)
  3 howler monkeys
  A jelly (D:7)
  5 hounds
  17 orc priests
  2 iron imps
  3 iguanas
  16 orc wizards
  A polar bear simulacrum (Lair:3)
  6 hell rats (Lair:3)
  2 wolf simulacra
  A deep dwarf zombie (Crypt:3)
  10 mummies
  4 gnolls
  4 adders
  3 white imps
  11 ufetubi
  An adder zombie (Crypt:2)
  5 ribbon worms
  3 dart slugs
  47 orcs
  9 bats
  A bat zombie (Crypt:3)
  An endoplasm (D:4)
  3 giant cockroaches
  6 goblins
  6 hobgoblins
  7 jackals
  13 kobolds
  2 quokkas
  5 ball pythons
  2 frilled lizards (D:2)
  A goblin zombie (Crypt:1)
  A rat (D:1)
  A ball lightning (Pan)
  4 fire vortices
  A lurking horror (Abyss:3)
  A snaplasher vine (Orc:1)
  2 starspawn tentacles
  A tentacle (Abyss:2)
1845 creatures vanquished.

Vanquished Creatures (collateral kills)
  Cerebov (Pan)
  Antaeus (Coc:7)
  Ereshkigal (Tar:7)
  Asmodeus (Geh:7)
  Mnoleg (Pan)
  the Royal Jelly (Slime:5)
  the Serpent of Hell (Dis:7)
  Lom Lobon (Pan)
  6 dread liches
  Dispater (Dis:7)
  8 ancient liches
  3 orbs of fire (Zot:5)
  Mennas (Tomb:2)
  3 juggernauts
  Mara (Vaults:3)
  12 royal mummies
  Vv (Zot:1)
  Boris (Vaults:2)
  Parghit (Depths:4)
  4 Killer Klowns
  6 shard shrikes
  6 pandemonium lords (Pan)
  Geryon (Hell)
  29 caustic shrikes
  6 profane servitors
  Norris (Vaults:3)
  Nikola (Swamp:2)
  Jory (Vaults:4)
  the Enchantress (Depths:4)
  10 golden dragons
  4 doom hounds
  21 bone dragons
  A shard shrike zombie (Tar:7)
  13 Tzitzimimeh
  4 electric golems
  10 Brimstone Fiends
  13 iron giants
  2 spectral shard shrikes
  8 hellephants
  15 tentacled monstrosities
  25 Hell Sentinels
  15 Ice Fiends
  Jorgrun (Orc:2)
  A walking earthen tome (Depths:3)
  A walking crystal tome (Depths:3)
  10 quicksilver dragons
  6 liches
  17 Orb Guardians (Zot:5)
  19 acid blobs
  10 tainted leviathans
  12 titans
  11 searing wretches
  2 eldritch tentacles
  7 shadow dragons
  2 deep elf master archers
  29 Executioners
  8 sphinxes
  9 death cobs
  13 tentacled starspawn
  20 ancient champions
  A thorn hunter (Swamp:4)
  6 tengu reavers
  The ghost of Kys Gask the Severer, an adept HOFi of Sif Muna (Spider:2)
  Donald (Orc:2)
  14 storm dragons
  Aizul (Swamp:2)
  7 rockslimes
  7 revenants
  12 protean progenitors
  9 demonspawn warmongers (Pan)
  2 nagarajas (Pan)
  14 frost giants
  11 draconian knights
  5 emperor scorpions
  19 azure jellies
  4 draconian monks
  A fenstrider witch (Pan)
  9 quicksilver elementals
  A daeva (Abyss:3)
  22 fire giants
  17 vault wardens
  A deep elf elementalist (Elf:3)
  19 narguns
  8 draconian shifters
  6 draconian scorchers
  An iron dragon (Zot:4)
  4 deep elf sorcerers
  47 balrugs
  A spectral juggernaut (Tar:3)
  5 ghost moths
  A spectral caustic shrike (Tar:1)
  Louise (Swamp:2)
  5 caustic shrike zombies
  An angel (Pan)
  3 shard shrike simulacra
  31 reapers
  A curse skull (Pan)
  A juggernaut zombie (Hell)
  23 cacodemons
  12 ironbound preservers
  4 orc warlords (Vaults:2)
  6 draconian annihilators
  6 very ugly things
  3 formless jellyfish
  8 demonspawn blood saints (Pan)
  3 draconian stormcallers
  5 spriggan defenders
  10 demonspawn corrupters (Pan)
  11 quicksilver oozes
  A broodmother (Spider:4)
  4 ghouls
  5 caustic shrike skeletons
  3 ironbound thunderhulks
  15 stone giants
  2 juggernaut skeletons
  4 deep elf demonologists
  15 elemental wellsprings
  3 vampire knights
  13 putrid mouths
  4 green draconians
  5 demonspawn black suns (Pan)
  11 wendigos
  24 war gargoyles
  4 dire elephants
  5 yellow draconians
  8 deep elf death magi
  10 deep elf annihilators
  2 bunyips (Swamp:2)
  7 black draconians
  5 spark wasps
  5 white draconians
  9 lorocyprocas (Pan)
  2 purple draconians
  17 red draconians
  A bennu (Tomb:3)
  12 blizzard demons
  16 iron golems
  5 crystal guardians
  17 mummy priests
  12 eidola
  16 green deaths (Pan)
  7 ettins
  6 fire dragons
  A jiangshi (Crypt:2)
  2 merfolk impalers (Depths:3)
  4 entropy weavers
  A shambling mangrove (Swamp:4)
  4 deep elf high priests
  A fenstrider witch zombie (Crypt:1)
  7 great orbs of eyes
  2 hell beasts (Pan)
  8 yaktaur captains
  5 spectral spriggans
  7 juggernaut simulacra
  7 rakshasas
  23 vault guards (Vaults:5)
  Harold (Lair:2)
  4 caustic shrike simulacra
  12 salamander tyrants
  3 spriggan zombies
  9 hydras
  An ogre mage (Vaults:5)
  5 alligators
  5 jorogumos
  A sphinx zombie (Hell)
  3 centaur warriors
  A demonspawn (Orc:2)
  6 ice dragons
  3 ironbound frosthearts
  2 spriggan air magi
  4 peacekeepers
  2 spriggan skeletons
  A spectral stone giant (Tar:1)
  A catoblepas (Lair:3)
  5 boulder beetles
  A fenstrider witch skeleton (Tomb:1)
  6 radroaches
  8 dancing weapons
  A two-headed ogre (D:10)
  5 death yaks
  2 death knights
  16 demonic crawlers
  A merfolk aquamancer (Pan)
  10 deep troll shamans
  22 death scarabs
  3 tengu warriors
  13 stokers
  An occultist (Abyss:1)
  5 vampire magi
  7 thrashing horrors
  3 titan zombies
  A spectral dire elephant (Tar:1)
  21 hell hogs
  4 deep troll earth magi
  20 soul eaters
  6 spriggan berserkers
  13 crystal echidnas
  4 orc high priests (Orc:2)
  7 deep elf knights
  16 shadow wraiths
  A titan skeleton (Tar:7)
  70 sun demons
  2 skysharks (Vaults:3)
  5 wretched stars
  6 hell knights (Depths:4)
  2 pharaoh ants
  2 iron trolls
  24 sixfirhies
  A spectral bunyip (Tar:1)
  11 skeletal warriors
  2 bunyip zombies
  A quicksilver dragon simulacrum (Coc:7)
  Amaemon (Lair:2)
  A spatial maelstrom (Abyss:2)
  An anaconda zombie (Hell)
  4 glowing orange brains
  42 deep trolls
  6 spectral anacondas (Tar:4)
  6 swamp dragons (Swamp:4)
  4 lindwurms
  4 flayed ghosts
  3 goliath frogs
  A kraken simulacrum (Coc:7)
  11 orb spiders
  5 sun moths
  3 arcanists
  12 bog bodies
  21 shadow demons (Pan)
  A mana viper (Abyss:1)
  2 spriggan druids
  A shadow dragon zombie (Hell)
  7 spriggan simulacra
  6 deep elf archers
  A glowing orange brain (shapeshifter) (Vaults:5)
  A tengu zombie (Hell)
  10 deep elf zephyrmancers
  6 phantasmal warriors
  5 steelbarb worms
  23 ironbound convokers
  12 orc knights
  A cyclops (D:15)
  6 shining eyes
  An iron dragon zombie (Tar:7)
  49 large abominations
  3 stone giant zombies (Hell)
  A frost giant zombie (Hell)
  Maurice (Orc:2)
  13 ugly things
  An oklob plant (Lair:3)
  6 necromancers
  8 wolf spiders
  15 deep elf pyromancers
  5 orc sorcerers
  A shining eye (shapeshifter) (Vaults:5)
  3 manticores
  5 will-o-the-wisps
  A spectral centaur (Tar:2)
  A salamander (shapeshifter) (Lair:5)
  26 moths of wrath
  A spectral alligator snapping turtle (Tar:1)
  4 meliai (Spider:4)
  A frost giant skeleton (Vaults:1)
  A dire elephant zombie (Abyss:2)
  8 elephants
  5 kobold blastminers
  4 apocalypse crabs
  9 ice statues
  A black mamba (D:15)
  An eleionoma skeleton (Crypt:2)
  8 rust devils
  6 titan simulacra
  5 eyes of devastation
  A cane toad (Lair:5)
  14 vault sentinels
  17 orange demons
  Maggie (D:8)
  9 torpor snails
  2 cane toads (shapeshifter)
  50 smoke demons
  2 unseen horrors
  3 centaur skeletons (D:13)
  17 hellions
  A dire elephant skeleton (Crypt:3)
  An ice devil (Abyss:2)
  A naga skeleton (Hell)
  4 efreet
  2 komodo dragons
  11 freezing wraiths
  A bunyip simulacrum (Coc:1)
  A tengu conjurer (Depths:2)
  2 spectral nagas
  A spectral two-headed ogre (Tar:1)
  3 anaconda simulacra
  2 mana viper skeletons (Crypt:3)
  32 yaktaurs
  A golden dragon simulacrum (Coc:6)
  6 red devils
  26 tormentors
  18 guardian mummies
  3 ancient zymes
  A pale draconian skeleton (Crypt:2)
  3 spectral harpies (Tar:1)
  2 polar bears (shapeshifter)
  11 wind drakes (Pan)
  12 hellwings (Pan)
  2 iron giant simulacra
  A shadow dragon simulacrum (Coc:1)
  9 tyrant leeches
  A hydra skeleton (Crypt:2)
  10 hornets
  A queen bee (shapeshifter) (Lair:5)
  2 merfolk (shapeshifter)
  An alligator simulacrum (Coc:1)
  A glass eye (shapeshifter) (Vaults:5)
  16 tarantellas
  16 blink frogs
  25 raiju
  3 iron dragon simulacra
  A blink frog (shapeshifter) (Elf:1)
  2 stone giant simulacra
  3 dream sheep (Lair:3)
  3 harpy skeletons
  4 glass eyes
  A centaur simulacrum (Crypt:3)
  15 jumping spiders
  A spectral black mamba (Tar:1)
  86 slime creatures
  15 culicivoras
  12 ushabtiu
  3 wraiths
  A naga simulacrum (Coc:7)
  2 dire elephant simulacra
  39 small abominations
  An ettin skeleton (Crypt:1)
  12 spriggans
  A basilisk (Lair:3)
  6 water elementals
  23 yaks
  27 ynoxinuls
  2 fire elementals
  9 golden eyes
  A fire bat (Abyss:1)
  28 neqoxecs
  2 wargs
  Grum (D:11)
  An alligator snapping turtle simulacrum (Coc:2)
  29 redbacks
  A naga zombie (Abyss:3)
  5 vampire mosquitoes
  23 chaos spawn
  14 harpy simulacra
  2 spatial vortices (Abyss:2)
  A swamp worm (shapeshifter) (Depths:4)
  7 swamp worms
  A hell hound (D:15)
  A hydra simulacrum (Coc:3)
  A water moccasin (Lair:2)
  21 orc warriors
  3 ettin simulacra
  A two-headed ogre skeleton (Tomb:2)
  7 swamp drakes
  A sky beast (D:8)
  40 laughing skulls
  A black bear (Lair:1)
  7 boggarts
  4 wolves (Lair:2)
  9 centaurs
  A komodo dragon zombie (Crypt:2)
  3 kobold brigands (D:13)
  4 weeping skulls
  5 nameless horrors
  3 elf zombies
  A gnoll sergeant (D:13)
  A bullfrog (D:9)
  5 necrophages
  A draconian skeleton (Crypt:2)
  7 scorpions
  4 wights
  2 elephant simulacra
  A vampire bat (D:15)
  2 electric eels
  2 crimson imps (Abyss:3)
  2 howler monkeys (D:11)
  2 hounds (D:5)
  A quasit (Abyss:3)
  2 jellies (D:5)
  15 orc priests
  2 iron imps
  9 starcursed masses
  5 iguanas
  12 orc wizards
  A boggart zombie (Crypt:2)
  3 polar bear simulacra
  5 hell rats (Lair:3)
  34 mummies
  6 gnolls
  4 adders
  A shadow imp (D:5)
  4 white imps
  7 ufetubi
  An iguana zombie (Crypt:1)
  4 ribbon worms
  5 dart slugs
  47 orcs
  2 endoplasms (D:1)
  2 giant cockroaches (Lair:3)
  10 goblins
  3 hobgoblins
  9 jackals
  8 kobolds
  4 quokkas
  3 ball pythons
  2 bats
  4 frilled lizards
  A rat (D:1)
  8 aspiring fleshes
  19 boulders
  2 butterflies (Lair:2)
  4 creeping infernos
  13 fire vortices
  A spectral weapon (Pan)
  3 starspawn tentacles
  A tentacle (Abyss:2)
3095 creatures vanquished.

Vanquished Creatures (others)
  A caustic shrike (Depths:3)
  A golden dragon (Depths:3)
  An Orb Guardian (Zot:5)
  A titan (Pan)
  An Executioner (Pan)
  27 eldritch tentacles
  3 storm dragons
  An azure jelly (Coc:7)
  3 shard shrike simulacra
  3 draconian annihilators
  A very ugly thing (Depths:3)
  A caustic shrike skeleton (Pan)
  An elemental wellspring (Coc:2)
  A wendigo (Coc:7)
  2 deep elf annihilators (Pan)
  A red draconian (Zot:2)
  A blizzard demon (Pan)
  A hell beast (Depths:1)
  A caustic shrike simulacrum (Coc:3)
  A stoker (Geh:7)
  A soul eater (Hell)
  A sun demon (Pan)
  A spriggan (Swamp:2)
  A sixfirhy (Pan)
  A shadow demon (Pan)
  A slime creature (Abyss:4)
  A quicksilver dragon simulacrum (Coc:5)
  A spriggan simulacrum (Coc:7)
  A deep elf pyromancer (D:14)
  A nameless horror (Coc:3)
  An orc sorcerer (Vaults:1)
  A titan simulacrum (Coc:3)
  3 smoke demons (Pan)
  A molten gargoyle (Hell)
  3 hellions
  A bloated husk (Swamp:2)
  3 wind drakes (Pan)
  2 hornets
  An iron dragon simulacrum (Coc:7)
  A dire elephant simulacrum (Coc:5)
  A neqoxec (Pan)
  A harpy simulacrum (Coc:7)
  2 swamp drakes (Swamp:4)
  An ettin simulacrum (Coc:1)
  A wight (Abyss:4)
  An orc wizard (D:6)
  An orc (D:7)
  28 ball lightnings (Pan)
  60 blazeheart cores
  29 boulders
  A creeping inferno (Geh:7)
  6 fire vortices
  4 foxfires
  65 snaplasher vines
  29 starspawn tentacles
  16 tentacles
326 creatures vanquished.

Grand Total: 5266 creatures vanquished

Notes
Turn   | Place    | Note
-------+----------+-------------------------------------------
     0 | D:1      | IkaDoka the Demonspawn Summoner began the quest for the
                  | Orb.
     0 | D:1      | Reached XP level 1. HP: 13/13 MP: 3/3
   286 | D:1      | Reached skill level 2 in Dodging
   286 | D:1      | Gained mutation: You sometimes gain a little power by
                  | taking damage. [demonic ancestry]
   286 | D:1      | Reached XP level 2. HP: 17/20 MP: 3/5
   577 | D:1      | Learned a level 2 spell: Call Imp
   881 | D:1      | Reached skill level 1 in Fighting
  1296 | D:2      | Found a faded altar of an unknown god.
  1326 | D:2      | Gained mutation: You have large cloven feet. [demonic
                  | ancestry]
  1326 | D:2      | Reached XP level 3. HP: 26/26 MP: 3/6
  2212 | D:3      | Found a burning altar of Makhleb.
  2229 | D:3      | Reached XP level 4. HP: 29/33 MP: 3/7
  2324 | D:3      | Learned a level 3 spell: Call Canine Familiar
  2600 | D:3      | Noticed a small abomination
  2605 | D:3      | Found a transporter.
  2612 | D:3      | Found a one-way gate to the infinite horrors of the Abyss.
  2612 | D:3      | Noticed hitsuchi's ghost (amateur NaAl)
  2640 | D:3      | Found a transporter.
  2661 | D:3      | Noticed a small abomination
  2793 | D:3      | Gained mutation: You are partially covered in slimy green
                  | scales. (AC +2) [demonic ancestry]
  2793 | D:3      | Reached XP level 5. HP: 11/38 MP: 2/9
  3260 | D:4      | Reached skill level 1 in Armour
  3260 | D:4      | Reached skill level 3 in Dodging
  3647 | D:4      | Gained mutation: You are mostly covered in slimy green
                  | scales. (AC +3) [demonic ancestry]
  3647 | D:4      | Reached XP level 6. HP: 18/46 MP: 2/10
  3776 | D:4      | Found a broken altar of Ashenzari.
  3782 | D:4      | Learned a level 4 spell: Summon Blazeheart Golem
  3835 | D:4      | Became a worshipper of Ashenzari the Shackled
  3995 | D:4      | Found a bloodstained altar of Trog.
  3999 | D:4      | Noticed a nameless horror
  4037 | D:4      | Killed a nameless horror
  4228 | D:4      | Found an ornate altar of the Wu Jian Council.
  4357 | D:5      | Entered Level 5 of the Dungeon
  4421 | D:5      | Reached skill level 5 in Summonings
  4438 | D:5      | Reached skill level 1 in Fire Magic
  4533 | D:5      | Gained mutation: You are partially covered in sharp spines.
                  | [demonic ancestry]
  4533 | D:5      | Reached XP level 7. HP: 23/52 MP: 12/12
  5133 | D:5      | Found a staircase to the Ecumenical Temple.
  5158 | D:5      | Identified the +2 war axe "Dragon's Tongue" {freeze, Dex+4}
  5162 | Temple   | Entered the Ecumenical Temple
  5213 | D:5      | Reached skill level 4 in Dodging
  5227 | D:5      | Identified the +7 long sword of Incongruity {freeze, rF+
                  | Dex+3}
  5431 | D:5      | Found a hazy altar of Hepliaklqana.
  5594 | D:6      | Reached skill level 1 in Long Blades
  5594 | D:6      | Gained mutation: You are completely covered in slimy green
                  | scales. (AC +4, rPois) [demonic ancestry]
  5594 | D:6      | Reached XP level 8. HP: 47/61 MP: 9/14
  5635 | D:6      | Reached * piety under Ashenzari
  5864 | D:6      | Found Myudaotz's Distillery.
  5872 | D:6      | Bought a potion of cancellation for 120 gold pieces
  6602 | D:6      | Found a shimmering altar of Xom.
  6881 | D:7      | Reached skill level 5 in Fighting
  6881 | D:7      | Reached skill level 5 in Dodging
  6881 | D:7      | Reached skill level 5 in Spellcasting
  7022 | D:7      | Reached XP level 9. HP: 69/69 MP: 17/17
  7033 | D:7      | Reached ** piety under Ashenzari
  7247 | D:7      | Found a shimmering blue altar of Sif Muna.
  7249 | D:7      | Found an iron altar of Okawaru.
  7252 | D:7      | Found an opulent altar of Gozag.
  7643 | D:8      | Found a flagged portal.
  7656 | Bailey   | Entered a bailey
  7663 | Bailey   | Noticed an orc warlord
  7846 | Bailey   | Found a runed translucent gate.
  7848 | Bailey   | Found a runed translucent gate.
  7850 | Bailey   | Found a runed translucent gate.
  7946 | Bailey   | Learned a level 4 spell: Summon Lightning Spire
  8049 | Bailey   | Killed an orc warlord
  8050 | Bailey   | Reached skill level 1 in Air Magic
  8272 | Bailey   | Learned a level 5 spell: Summon Forest
  8398 | D:8      | Reached skill level 6 in Dodging
  8405 | D:8      | Gained mutation: You are mostly covered in sharp spines.
                  | [demonic ancestry]
  8405 | D:8      | Reached XP level 10. HP: 51/80 MP: 21/21
  8419 | D:8      | Reached skill level 7 in Dodging
  8419 | D:8      | Gained mutation: You sometimes gain power by taking damage.
                  | [demonic ancestry]
  8419 | D:8      | Reached XP level 11. HP: 48/90 MP: 21/24
  8567 | D:7      | Reached *** piety under Ashenzari
  8622 | D:8      | Identified the Tome of Grey Conjuration
  8645 | D:8      | Noticed Psyche
  8653 | D:8      | Killed Psyche
  8969 | D:8      | Noticed Maggie
  8981 | D:8      | Killed Maggie
  9003 | D:8      | Learned a level 7 spell: Summon Hydra
  9164 | D:8      | You are sucked into a shaft and drop 1 floor!
  9178 | D:9      | Reached **** piety under Ashenzari
  9275 | D:9      | Reached skill level 8 in Dodging
  9580 | D:9      | Identified the +5 short sword of Arbitration {elec, rElec
                  | Int-2 Dex+3}
  9669 | D:9      | Noticed a two-headed ogre
  9676 | D:9      | Killed a two-headed ogre
  9758 | D:9      | Found a basalt altar of Yredelemnul.
 10016 | D:9      | Found an ancient bone altar of Kikubaaqudgha.
 10421 | D:10     | Entered Level 10 of the Dungeon
 10421 | D:10     | Found Tewifih's Weapon Emporium.
 10421 | D:10     | Found a staircase to the Orcish Mines.
 10836 | D:10     | Reached skill level 5 in Long Blades
 10840 | D:10     | Noticed a two-headed ogre
 10851 | D:10     | Killed a two-headed ogre
 10852 | D:10     | Reached skill level 10 in Summonings
 11388 | D:11     | Noticed a two-headed ogre
 11399 | D:11     | Noticed Grum
 11400 | D:11     | Killed a two-headed ogre
 11407 | D:11     | Killed Grum
 11501 | D:11     | Found a staircase to the Lair.
 11594 | D:11     | Reached XP level 12. HP: 105/105 MP: 29/29
 11783 | D:11     | Noticed Gastronok
 11800 | D:11     | Killed Gastronok
 11822 | D:11     | Reached skill level 9 in Dodging
 12116 | D:11     | Learned a level 4 spell: Animate Armour
 12219 | D:11     | Noticed Erolcha
 12243 | D:11     | Killed Erolcha
 12360 | D:12     | Noticed a boulder beetle
 12664 | D:12     | Killed a boulder beetle
 12731 | D:12     | Found a gate leading to a gauntlet.
 12738 | D:12     | Reached skill level 10 in Fighting
 12755 | Gauntlet | Entered a Gauntlet
 12755 | Gauntlet | Found a transporter.
 12801 | Gauntlet | Noticed a catoblepas
 12878 | Gauntlet | Found a transporter.
 12894 | Gauntlet | Found a transporter.
 12898 | Gauntlet | Found a transporter.
 12908 | Gauntlet | Identified the ring of Luruang {rPois rC+ Int+3 Dex-2 SInv}
 12919 | Gauntlet | Found a transporter.
 12930 | Gauntlet | Identified the ring of New Discoveries {Will+++ MP+9}
 12930 | Gauntlet | Identified the amulet "Tyajem" {Acrobat rElec Int+3 Slay+6
                  | Stlth-}
 12931 | Gauntlet | Found a transporter.
 12934 | Gauntlet | Noticed a ghost crab
 12936 | Gauntlet | Found a runed translucent door.
 12941 | Gauntlet | Found a transporter.
 12945 | Gauntlet | Found a transporter.
 12945 | Gauntlet | Identified the +0 pair of gloves of the Orb {Int+8 Dex+3}
 12968 | Gauntlet | Found a transporter.
 12970 | Gauntlet | Identified the amulet of Virtue {Faith rC+}
 12993 | Gauntlet | Identified a scroll of acquirement
 12993 | Gauntlet | Noticed a quicksilver ooze
 12995 | Gauntlet | Found a transporter.
 12995 | Gauntlet | Found a transporter.
 13005 | Gauntlet | Found a transporter.
 13040 | Gauntlet | Identified the amulet "Gejaobea" {Harm Regen+}
 13297 | Gauntlet | Noticed a nameless horror
 13304 | Gauntlet | Killed a nameless horror
 13413 | Gauntlet | Noticed a nameless horror
 13417 | Gauntlet | Killed a nameless horror
 13460 | Gauntlet | Noticed a nameless horror
 13465 | Gauntlet | Killed a nameless horror
 13543 | Gauntlet | Killed a ghost crab
 13586 | Gauntlet | Identified the ring "Wibasa" {rN+ Dex+3 SInv}
 13586 | Gauntlet | Noticed a minotaur
 13599 | Gauntlet | Killed a minotaur
 13970 | D:12     | Noticed a seven-headed hydra
 13980 | D:12     | Killed a seven-headed hydra
 14111 | D:12     | Reached XP level 13. HP: 106/106 MP: 28/28
 14529 | D:13     | Reached skill level 10 in Dodging
 14536 | D:13     | Reached skill level 10 in Spellcasting
 14746 | D:13     | Noticed Kirke
 14759 | D:13     | Killed Kirke
 15217 | D:13     | Reached skill level 5 in Armour
 15432 | D:13     | Identified the +7 flail "Giwiam" {heavy, Str+2}
 15453 | D:13     | Found a gate to the Vaults.
 16414 | D:14     | Reached skill level 1 in Shields
 16442 | D:14     | Identified the +0 falchion "Worm's Wrath" {speed, rElec}
 16790 | D:14     | Reached XP level 14. HP: 112/118 MP: 30/30
 17199 | D:15     | Entered Level 15 of the Dungeon
 17299 | D:15     | Found a staircase to the Depths.
 17998 | D:15     | Reached skill level 11 in Dodging
 19045 | Lair:1   | Entered Level 1 of the Lair of Beasts
 20315 | Lair:2   | Noticed Amaemon
 20325 | Lair:2   | Killed Amaemon
 20336 | Lair:2   | Noticed Harold
 20345 | Lair:2   | Killed Harold
 20580 | Lair:2   | Identified the +1 leather armour "Sastrirch" {rElec}
 21072 | Lair:2   | Identified the +4 rapier "Mifix" {spect, Fly rPois Str+3
                  | Int-2}
 21265 | Lair:2   | Gained mutation: You have hoof-like feet. [demonic
                  | ancestry]
 21265 | Lair:2   | Reached XP level 15. HP: 65/129 MP: 33/33
 21432 | Lair:2   | Found a staircase to the Swamp.
 21655 | Lair:3   | Found a frozen archway.
 21718 | IceCv    | Entered an ice cave
 21770 | IceCv    | Found a transporter.
 21777 | IceCv    | Found a transporter.
 21957 | Lair:3   | Learned a level 4 spell: Brom's Barrelling Boulder
 22249 | Lair:3   | Reached skill level 1 in Earth Magic
 22572 | Lair:3   | Reached skill level 1 in Translocations
 22627 | Lair:3   | Found a hole to the Spider Nest.
 22647 | Lair:3   | Reached skill level 1 in Conjurations
 23191 | Lair:4   | Reached skill level 12 in Dodging
 23298 | Lair:4   | Reached ***** piety under Ashenzari
 23490 | Lair:4   | Found a staircase to the Slime Pits.
 23490 | Lair:4   | Found a viscous altar of Jiyva.
 24020 | Lair:5   | Entered Level 5 of the Lair of Beasts
 24326 | Lair:5   | Identified the +2 robe of Fedhas's Approval {rF+ SInv}
 24380 | Lair:5   | Found a corrupted altar of Lugonu.
 25400 | Lair:5   | Reached XP level 16. HP: 139/139 MP: 35/35
 25637 | Orc:1    | Entered Level 1 of the Orcish Mines
 25898 | Orc:2    | Entered Level 2 of the Orcish Mines
 25898 | Orc:2    | Noticed Jorgrun
 25902 | Orc:2    | Noticed Maurice
 25905 | Orc:2    | Killed Jorgrun
 25914 | Orc:2    | Killed Maurice
 26323 | Orc:1    | Found Xuisuc's CLEARANCE SALE!.
 26330 | Orc:1    | Bought a potion of mutation for 24 gold pieces
 26437 | Orc:2    | Found Vyh Rucu's Jewellery Shoppe.
 26590 | Orc:2    | Found Yqosomo's General Store.
 26591 | Orc:2    | Found Daycle's Distillery.
 27395 | Orc:2    | Found Xugetyo's Antique Weapon Emporium.
 27395 | Orc:2    | Found Ybleutt's Jewellery Shoppe.
 27396 | Orc:2    | Found a one-way gate leading to the halls of Pandemonium.
 27615 | Orc:2    | Found a staircase to the Elven Halls.
 27660 | Orc:2    | Noticed Donald
 27672 | Orc:2    | Killed Donald
 27916 | Orc:2    | Bought a scroll of acquirement for 520 gold pieces
 27916 | Orc:2    | Bought a potion of heal wounds for 50 gold pieces
 27918 | Orc:2    | Bought 2 potions of cancellation for 256 gold pieces
 27918 | Orc:2    | Bought a potion of haste for 160 gold pieces
 27918 | Orc:2    | Bought 2 potions of magic for 256 gold pieces
 27918 | Orc:2    | Bought a potion of haste for 160 gold pieces
 27939 | Elf:1    | Entered Level 1 of the Elven Halls
 27955 | Elf:1    | Paralysed by an air elemental for 1 turns
 27957 | Elf:1    | Paralysed by an air elemental for 1 turns
 28022 | Elf:1    | Reached skill level 5 in Conjurations
 28036 | Elf:1    | Learned a level 5 spell: Lee's Rapid Deconstruction
 28173 | Elf:1    | Noticed Roxanne
 28339 | Elf:1    | Found Sisump's General Store.
 28396 | Elf:1    | Identified Sif Muna's Precepts of Virulence
 28396 | Elf:1    | Identified the Guide on Pollution
 28601 | Elf:1    | Killed Roxanne
 28602 | Elf:1    | Reached skill level 13 in Dodging
 29167 | Elf:1    | Identified Jetonk's Secrets of the Mortuary
 29178 | Elf:1    | Learned a level 4 spell: Martyr's Knell
 29554 | Elf:2    | Found a runed translucent door.
 29825 | Elf:2    | Gained mutation: You are powered by pain. [demonic
                  | ancestry]
 29825 | Elf:2    | Reached XP level 17. HP: 104/147 MP: 37/37
 30149 | Elf:2    | Noticed a Brimstone Fiend
 30151 | Elf:2    | Noticed a Tzitzimitl
 30242 | Elf:2    | Found a runed translucent door.
 30749 | Elf:3    | Entered Level 3 of the Elven Halls
 30762 | Elf:3    | Noticed a deep elf master archer
 30773 | Elf:3    | Noticed a Brimstone Fiend
 30987 | Elf:3    | Noticed a deep elf master archer
 31001 | Elf:3    | Killed a deep elf master archer
 31002 | Elf:3    | Killed a ghostly deep elf master archer
 31017 | Elf:3    | Noticed a Tzitzimitl
 31023 | Elf:2    | Killed a deep elf master archer
 31025 | Elf:2    | Reached skill level 15 in Summonings
 31200 | Elf:2    | Noticed a Hell Sentinel
 31467 | Elf:3    | Identified the ring of the Unstoppable Runes {Ice SInv}
 31468 | Elf:3    | Noticed a deep elf blademaster
 31486 | Elf:3    | Killed a deep elf blademaster
 31494 | Elf:3    | Reached skill level 5 in Earth Magic
 31497 | Elf:3    | Killed a ghostly deep elf blademaster
 31502 | Elf:3    | Noticed a deep elf blademaster
 31695 | Elf:3    | Killed a deep elf blademaster
 31733 | Elf:3    | Gained mutation: You sometimes lose your temper in combat.
                  | [a neqoxec]
 31744 | Elf:3    | Noticed an Ice Fiend
 31762 | Elf:3    | Noticed a deep elf master archer
 31918 | Elf:3    | Killed a deep elf master archer
 32001 | Elf:3    | Reached skill level 15 in Fighting
 32298 | Elf:3    | Identified the +0 triple sword of Mourning {vamp, Dex+6
                  | SInv}
 32305 | Elf:3    | Reached skill level 14 in Dodging
 32308 | Elf:3    | Noticed a deep elf master archer
 32323 | Elf:3    | Killed a deep elf master archer
 32497 | Elf:3    | Identified the +6 shortbow "Leviticus" {flame, rElec rPois
                  | Int-4 Dex+4}
 32538 | Elf:3    | Identified the +4 scale mail of the Pit {rC+}
 32584 | Elf:3    | Identified the +7 shortbow of Fupyrch {heavy, rF+ Int+3
                  | SInv}
 32584 | Elf:3    | Identified the Secrets of Stolen Souls and Anathema
 32726 | Elf:3    | Reached ****** piety under Ashenzari
 32736 | Elf:3    | Learned a level 8 spell: Lehudib's Crystal Spear
 33729 | Elf:3    | Gained mutation: You punish those that try to bend your
                  | will. (Will+) [demonic ancestry]
 33729 | Elf:3    | Reached XP level 18. HP: 158/158 MP: 39/39
 33914 | Elf:3    | Acquired 977 gold pieces
 34154 | Spider:1 | Entered Level 1 of the Spider Nest
 35389 | Spider:2 | Found a runed translucent door.
 35389 | Spider:2 | Noticed Kys Gask's ghost (adept HOFi)
 35474 | Spider:2 | Killed Kys Gask's ghost
 37797 | Spider:4 | Entered Level 4 of the Spider Nest
 37963 | Spider:4 | Lost mutation: You sometimes lose your temper in combat.
                  | [potion of mutation]
 37963 | Spider:4 | Gained mutation: Your flesh is cold resistant. (rC+)
                  | [potion of mutation]
 37963 | Spider:4 | Gained mutation: Potions are less effective at restoring
                  | your health. [potion of mutation]
 37963 | Spider:4 | Gained mutation: Your flesh is heat resistant. (rF+)
                  | [potion of mutation]
 37963 | Spider:4 | Gained mutation: You are robust. (+10% HP) [potion of
                  | mutation]
 38400 | Spider:4 | Gained mutation: You have hooves in place of feet. [demonic
                  | ancestry]
 38400 | Spider:4 | Reached XP level 19. HP: 141/183 MP: 10/41
 38729 | Spider:4 | Got a gossamer rune of Zot
 38734 | Spider:4 | Identified the scarf of the Morning {repulsion, *Corrode
                  | rF- Int+7 SInv}
 39602 | Spider:4 | Acquired 1279 gold pieces
 39752 | Swamp:1  | Entered Level 1 of the Swamp
 40622 | Swamp:2  | Identified the serpent talisman "Dicvehef" {rF+ rC+ Str+2}
 40622 | Swamp:2  | Noticed Aizul
 40629 | Swamp:2  | Killed Aizul
 40741 | Swamp:2  | Noticed Nikola
 40751 | Swamp:2  | Noticed Louise
 40754 | Swamp:2  | Killed Nikola
 40761 | Swamp:2  | Killed Louise
 41155 | Swamp:2  | Reached skill level 15 in Dodging
 41168 | Swamp:2  | Reached skill level 15 in Spellcasting
 41339 | Swamp:2  | Found the +6 arbalest "Damnation" {damnation}
 42041 | Swamp:3  | Noticed Bai Suzhen
 42054 | Swamp:3  | Killed Bai Suzhen
 42294 | Swamp:3  | Reached skill level 10 in Long Blades
 42479 | Swamp:4  | Entered Level 4 of the Swamp
 42974 | Swamp:4  | Got a decaying rune of Zot
 43595 | Depths:1 | Entered Level 1 of the Depths
 43657 | Depths:1 | Reached XP level 20. HP: 172/191 MP: 36/42
 43773 | Depths:1 | Noticed Kypsezeg's ghost (veteran GrEE)
 43774 | Depths:1 | Identified the ring of Ruemim {Fire Str+2 Dex+2}
 43774 | Depths:1 | Identified the +1 great sword of the Messenger {flame,
                  | *Noise rPois rF+++ Will-}
 43774 | Depths:1 | Identified the staff of Imyw {*Slow rN+ Will+ Str+2 Necro}
 43775 | Depths:1 | Identified the staff of Asoashil {rPois rF- Dex+2 Conj}
 43776 | Depths:1 | Identified the +2 pair of boots of Bikkidd {rElec rN+
                  | Regen+}
 43846 | Depths:1 | Found a runed translucent gate.
 43846 | Depths:1 | Found a runed translucent gate.
 43846 | Depths:1 | Found a runed translucent gate.
 44007 | Depths:1 | Found a shadowy altar of Dithmenos.
 44325 | Depths:1 | Found a stormy altar of Qazlal.
 44363 | Depths:1 | Found a gateway to Hell.
 45128 | Depths:1 | Reached skill level 5 in Shields
 45364 | Depths:2 | Found a one-way gateway to a ziggurat.
 45594 | Depths:2 | Found a radiant altar of Vehumet.
 45856 | Depths:2 | Found Reh Bouk's Book Emporium.
 45864 | Depths:2 | Bought a book of Dangerous Friends for 882 gold pieces
 45896 | Depths:2 | Found Meolim's Book Shoppe.
 45901 | Depths:2 | Bought a manual of Dodging for 1680 gold pieces
 45901 | Depths:2 | Bought a book of Beasts for 756 gold pieces
 46335 | Depths:2 | Found a runed translucent gate.
 46335 | Depths:2 | Found a runed translucent gate.
 46335 | Depths:2 | Found a runed translucent gate.
 46339 | Depths:2 | Noticed a golden dragon
 46381 | Depths:2 | Found a runed translucent gate.
 46600 | Depths:2 | Found a runed translucent gate.
 46600 | Depths:2 | Found a runed translucent gate.
 47614 | Depths:3 | Learned a level 8 spell: Summon Horrible Things
 47651 | Depths:3 | Noticed a golden dragon
 47659 | Depths:3 | Killed a golden dragon
 47663 | Depths:3 | Noticed a caustic shrike
 47689 | Depths:3 | Killed a caustic shrike
 48436 | Depths:4 | Entered Level 4 of the Depths
 48436 | Depths:4 | Noticed Parghit
 48444 | Depths:4 | Killed Parghit
 48454 | Depths:4 | Reached skill level 16 in Dodging
 49154 | Depths:4 | Gained mutation: You are resistant to unholy torment.
                  | [demonic ancestry]
 49154 | Depths:4 | Reached XP level 21. HP: 197/201 MP: 43/43
 49321 | Depths:4 | Noticed a juggernaut
 49328 | Depths:4 | Killed a juggernaut
 49353 | Depths:4 | Noticed Xtahua
 49373 | Depths:4 | Killed Xtahua
 50244 | Depths:4 | Noticed the Enchantress
 50251 | Depths:4 | Killed the Enchantress
 50425 | Depths:4 | Found a gate to the Realm of Zot.
 50772 | Depths:4 | Found Yticuw's Jewellery Boutique.
 50772 | Depths:4 | Found Lutiy's Book Emporium.
 50773 | Depths:4 | Found Xolick's Book Emporium.
 50921 | Depths:4 | Found an ancient bone altar of Kikubaaqudgha.
 51094 | Vaults:1 | Entered Level 1 of the Vaults
 51440 | Vaults:1 | Reached skill level 17 in Dodging
 51784 | Vaults:1 | Identified the +11 broad axe of Beogh's Supremacy {elec,
                  | rElec rF- rC++ Int-2}
 52903 | Vaults:2 | Reached XP level 22. HP: 208/211 MP: 45/45
 52984 | Vaults:2 | Learned a level 9 spell: Dragon's Call
 52993 | Vaults:2 | Noticed Boris
 53006 | Vaults:2 | Killed Boris
 53403 | Vaults:2 | Reached skill level 18 in Dodging
 54257 | Vaults:3 | Noticed Norris
 54263 | Vaults:3 | Killed Norris
 54402 | Vaults:3 | Noticed Mara
 54407 | Vaults:3 | Noticed IkaDoka's illusion
 54412 | Vaults:3 | Killed Mara
 54888 | Vaults:3 | Found a staircase to the Crypt.
 55214 | Vaults:3 | Reached skill level 19 in Dodging
 55865 | Vaults:4 | Gained mutation: You can hurl damnation. [demonic ancestry]
 55865 | Vaults:4 | Reached XP level 23. HP: 227/227 MP: 44/49
 56697 | Vaults:4 | Noticed Jory
 56702 | Vaults:4 | Killed Jory
 56847 | Vaults:4 | Learned a level 7 spell: Spellforged Servitor
 56849 | Vaults:5 | Entered Level 5 of the Vaults
 57038 | Vaults:5 | Noticed an ancient lich
 57046 | Vaults:5 | Killed an ancient lich
 57059 | Vaults:5 | Gained mutation: Potions cannot restore your health.
                  | [mutagenic glow]
 57089 | Vaults:5 | Lost mutation: You are robust. (+10% HP) [mutagenic glow]
 57233 | Vaults:5 | Lost mutation: Your flesh is cold resistant. (rC+) [potion
                  | of mutation]
 57233 | Vaults:5 | Lost mutation: Your flesh is heat resistant. (rF+) [potion
                  | of mutation]
 57233 | Vaults:5 | Gained mutation: Your flesh is heat resistant. (rF+)
                  | [potion of mutation]
 57234 | Vaults:5 | Lost mutation: Your flesh is heat resistant. (rF+) [potion
                  | of mutation]
 57234 | Vaults:5 | Lost mutation: Potions cannot restore your health. [potion
                  | of mutation]
 57234 | Vaults:5 | Lost mutation: Potions are less effective at restoring your
                  | health. [potion of mutation]
 57234 | Vaults:5 | Gained mutation: Your magical capacity is low. (-10% MP)
                  | [potion of mutation]
 57234 | Vaults:5 | Gained mutation: You are clumsy. (Dex -2) [potion of
                  | mutation]
 57235 | Vaults:5 | Lost mutation: You are clumsy. (Dex -2) [potion of
                  | mutation]
 57235 | Vaults:5 | Lost mutation: Your magical capacity is low. (-10% MP)
                  | [potion of mutation]
 57235 | Vaults:5 | Gained mutation: Your spells are a little easier to cast,
                  | but a little less powerful. [potion of mutation]
 57235 | Vaults:5 | Gained mutation: You passively map a small area around you.
                  | [potion of mutation]
 57236 | Vaults:5 | Lost mutation: Your spells are a little easier to cast, but
                  | a little less powerful. [potion of mutation]
 57236 | Vaults:5 | Lost mutation: You passively map a small area around you.
                  | [potion of mutation]
 57236 | Vaults:5 | Gained mutation: You possess an exceptional clarity of
                  | mind. [potion of mutation]
 57236 | Vaults:5 | Gained mutation: You passively dampen the noise of your
                  | surroundings. [potion of mutation]
 57236 | Vaults:5 | Gained mutation: You are covered in fur. (AC +1) [potion of
                  | mutation]
 57396 | Vaults:5 | Got a silver rune of Zot
 57641 | Vaults:5 | Identified the +1 robe of the Tsukumogami {rPois rF- Str+6
                  | Stlth-}
 57643 | Vaults:5 | Identified the amulet "Muitz" {Faith Dex+3}
 57644 | Vaults:5 | Identified the +9 scimitar "Duskigymp" {venom, rN+++ Str+4
                  | Int+3 Dex-5}
 57644 | Vaults:5 | Identified the amulet "Woojuqel" {RegenMP rF+}
 57644 | Vaults:5 | Found the +8 pair of quick blades "Gyre" and "Gimble"
                  | {protect}
 57890 | Vaults:5 | Identified the +0 robe of the Armoured One {^Drain +Blink
                  | Stlth+}
 57899 | Vaults:5 | Identified the +2 trident "Lejev" {holy, +Blink rPois Int-4
                  | Dex+5}
 57930 | Vaults:5 | Identified the +4 war axe of Disorder {drain, *Rage *Noise
                  | rElec Str+7}
 57940 | Vaults:5 | Found the +3 giant club "Skullcrusher" {speed, Str+7}
 58035 | Vaults:5 | Reached skill level 10 in Conjurations
 58065 | Vaults:5 | Identified the +4 barding of Erakapou {Int+5}
 58077 | Vaults:5 | Reached XP level 24. HP: 188/217 MP: 49/49
 59269 | Lair:3   | Acquired a book of the Earth
 59380 | Lair:5   | Voluntarily entered the Abyss.
 59647 | Abyss:1  | Reached skill level 20 in Dodging
 60033 | Abyss:1  | Found a corrupted altar of Lugonu.
 60633 | Abyss:2  | Noticed an ancient lich
 60641 | Abyss:2  | Killed an ancient lich
 60894 | Abyss:2  | Found a corrupted altar of Lugonu.
 60950 | Abyss:2  | Found a corrupted altar of Lugonu.
 61005 | Abyss:2  | Found a corrupted altar of Lugonu.
 61096 | Abyss:2  | Reached skill level 10 in Armour
 61116 | Abyss:3  | Found a corrupted altar of Lugonu.
 61212 | Abyss:3  | Found a corrupted altar of Lugonu.
 61259 | Abyss:3  | Found a corrupted altar of Lugonu.
 61849 | Abyss:4  | Found a corrupted altar of Lugonu.
 61857 | Abyss:4  | Gained mutation: You are occasionally teleported next to
                  | monsters. [a neqoxec]
 61881 | Abyss:4  | Reached XP level 25. HP: 168/223 MP: 6/49
 62058 | Abyss:4  | Got an abyssal rune of Zot
 62071 | Lair:5   | Escaped the Abyss
 62231 | Lair:5   | Lost mutation: You passively dampen the noise of your
                  | surroundings. [potion of mutation]
 62231 | Lair:5   | Lost mutation: You possess an exceptional clarity of mind.
                  | [potion of mutation]
 62231 | Lair:5   | Gained mutation: You are strong-willed. (Will+) [potion of
                  | mutation]
 62231 | Lair:5   | Gained mutation: You are covered in thick fur. (AC +2)
                  | [potion of mutation]
 62232 | Lair:5   | Lost mutation: You are occasionally teleported next to
                  | monsters. [potion of mutation]
 62232 | Lair:5   | Lost mutation: You are strong-willed. (Will+) [potion of
                  | mutation]
 62232 | Lair:5   | Lost mutation: You are covered in thick fur. (AC +2)
                  | [potion of mutation]
 62232 | Lair:5   | Gained mutation: Your spells are a little harder to cast,
                  | but a little more powerful. [potion of mutation]
 62232 | Lair:5   | Gained mutation: You sometimes lose your temper in combat.
                  | [potion of mutation]
 62463 | D:6      | Bought a potion of haste for 150 gold pieces
 62463 | D:6      | Bought a potion of might for 60 gold pieces
 62463 | D:6      | Bought a potion of magic for 120 gold pieces
 62463 | D:6      | Bought 2 potions of mutation for 240 gold pieces
 62463 | D:6      | Lost mutation: You are covered in fur. (AC +1) [potion of
                  | mutation]
 62463 | D:6      | Lost mutation: You sometimes lose your temper in combat.
                  | [potion of mutation]
 62463 | D:6      | Gained mutation: You are agile. (Dex +4, Str/Int -1)
                  | [potion of mutation]
 62463 | D:6      | Gained mutation: You are vulnerable to heat. (rF-) [potion
                  | of mutation]
 62463 | D:6      | Gained mutation: You have hidden genetic potential. [potion
                  | of mutation]
 63069 | Slime:1  | Entered Level 1 of the Pits of Slime
 63775 | Slime:1  | Lost mutation: You are vulnerable to heat. (rF-) [potion of
                  | mutation]
 63775 | Slime:1  | Lost mutation: You have hidden genetic potential. [potion
                  | of mutation]
 63775 | Slime:1  | Lost mutation: You are agile. (Dex +4, Str/Int -1) [potion
                  | of mutation]
 63775 | Slime:1  | Gained mutation: You are clumsy. (Dex -2) [potion of
                  | mutation]
 63775 | Slime:1  | Gained mutation: You passively map a small area around you.
                  | [potion of mutation]
 64934 | Slime:5  | Entered Level 5 of the Pits of Slime
 64952 | Slime:5  | Noticed the Royal Jelly
 64966 | Slime:5  | Killed the Royal Jelly
 65295 | Slime:5  | Gained mutation: Your magical capacity is low. (-10% MP) [a
                  | shining eye]
 65327 | Slime:5  | Identified the ring "Derel" {Fly rC+ Dex-2 Slay+2 SInv}
 65327 | Slime:5  | Identified the +3 ring mail of the Ditch-Digger {rPois}
 65327 | Slime:5  | Identified the +0 pair of boots "Huse" {rElec Str+3}
 65327 | Slime:5  | Identified the staff of Lequl {rElec rF- Str+5 Dex-4 Earth}
 65328 | Slime:5  | Found the amulet of the Four Winds {rN+ Will+++ Clar}
 65332 | Slime:5  | Identified the +0 robe "Otwaz" {rC+ Archmagi}
 65436 | Slime:5  | Got a slimy rune of Zot
 66221 | Zot:1    | Entered Level 1 of the Realm of Zot
 66227 | Zot:1    | Noticed Vv
 66242 | Zot:1    | Reached skill level 15 in Armour
 66243 | Zot:1    | Killed Vv
 67363 | Zot:1    | Noticed an orb of fire
 67618 | Zot:2    | Reached XP level 26. HP: 184/227 MP: 29/43
 67869 | Zot:2    | Learned a level 5 spell: Summon Mana Viper
 68107 | Zot:2    | Identified the +2 robe of Tiebaw {Rampage Dex+6}
 69132 | Zot:2    | Noticed a dread lich
 69152 | Zot:2    | Killed a dread lich
 69320 | Zot:2    | Noticed a dread lich
 69327 | Zot:2    | Killed a dread lich
 69455 | Zot:2    | Found a faded altar of an unknown god.
 69482 | Zot:2    | Identified the +0 robe of Voracious Curiosity {rN++ rCorr
                  | Int+2 Dex-4}
 71400 | Zot:4    | Identified the +1 dagger "Xoseit" {vamp, rC+}
 71832 | Zot:4    | Gained mutation: You are completely covered in sharp
                  | spines. [demonic ancestry]
 71832 | Zot:4    | Reached XP level 27. HP: 233/237 MP: 19/44
 72192 | Zot:4    | Identified the +3 shortbow of Autumn {elec, rF+ Will- Str+4
                  | Dex+4}
 73296 | Zot:5    | Entered Level 5 of the Realm of Zot
 74006 | Zot:5    | Found a transporter.
 74137 | Zot:5    | Noticed an orb of fire
 74145 | Zot:5    | Noticed a dread lich
 74147 | Zot:5    | Killed an orb of fire
 74153 | Zot:5    | Killed a dread lich
 74154 | Zot:5    | Reached skill level 10 in Earth Magic
 74157 | Zot:5    | Noticed an ancient lich
 74164 | Zot:5    | Killed an ancient lich
 74303 | Zot:5    | Noticed an orb of fire
 74304 | Zot:5    | Gained mutation: Your health recovers twice as slowly from
                  | being drained. [mutagenic glow]
 74309 | Zot:5    | Noticed a dread lich
 74311 | Zot:5    | Noticed an ancient lich
 74316 | Zot:5    | Gained mutation: You are weak. (Str -2) [mutagenic glow]
 74317 | Zot:5    | Killed a dread lich
 74324 | Zot:5    | Killed an ancient lich
 74325 | Zot:5    | Killed an orb of fire
 74327 | Zot:5    | Noticed an orb of fire
 74328 | Zot:5    | Reached skill level 21 in Dodging
 74349 | Zot:5    | Killed an orb of fire
 74501 | Zot:5    | Lost mutation: Your magical capacity is low. (-10% MP)
                  | [potion of mutation]
 74501 | Zot:5    | Lost mutation: Your spells are a little harder to cast, but
                  | a little more powerful. [potion of mutation]
 74501 | Zot:5    | Gained mutation: Your system is resistant to poisons.
                  | (rPois) [potion of mutation]
 74501 | Zot:5    | Gained mutation: Your spells are a little harder to cast,
                  | but a little more powerful. [potion of mutation]
 74532 | Zot:5    | Noticed an orb of fire
 74534 | Zot:5    | Gained mutation: You are frail. (-10% HP) [an orb of fire]
 74537 | Zot:5    | Killed an orb of fire
 75110 | Depths:2 | Learned a level 7 spell: Haunt
 75137 | Depths:2 | Lost mutation: Your health recovers twice as slowly from
                  | being drained. [potion of mutation]
 75137 | Depths:2 | Lost mutation: Your system is resistant to poisons. (rPois)
                  | [potion of mutation]
 75137 | Depths:2 | Gained mutation: You are very frail. (-20% HP) [potion of
                  | mutation]
 75137 | Depths:2 | Lost mutation: You are weak. (Str -2) [potion of mutation]
 75137 | Depths:2 | Gained mutation: Armour fits poorly on your strangely
                  | shaped body. [potion of mutation]
 75138 | Depths:2 | Lost mutation: You are very frail. (-20% HP) [potion of
                  | mutation]
 75138 | Depths:2 | Lost mutation: You are frail. (-10% HP) [potion of
                  | mutation]
 75138 | Depths:2 | Lost mutation: Armour fits poorly on your strangely shaped
                  | body. [potion of mutation]
 75138 | Depths:2 | Gained mutation: You are very clumsy. (Dex -4) [potion of
                  | mutation]
 75138 | Depths:2 | Gained mutation: Your magical capacity is low. (-10% MP)
                  | [potion of mutation]
 75138 | Depths:2 | Gained mutation: Your spells are harder to cast, but more
                  | powerful. [potion of mutation]
 75138 | Depths:2 | Gained mutation: Your flesh is heat resistant. (rF+)
                  | [potion of mutation]
 75261 | Hell     | Entered the Vestibule of Hell
 75261 | Hell     | Noticed Geryon
 75274 | Hell     | Found a gateway to the ashen valley of Gehenna.
 75280 | Hell     | Noticed Murray
 75283 | Hell     | Killed Geryon
 75664 | Hell     | Killed Murray
 76046 | Hell     | Found a gateway to the decaying netherworld of Tartarus.
 76091 | Hell     | Found a gateway to the freezing wastes of Cocytus.
 76147 | Hell     | Found a gateway to the Iron City of Dis.
 76311 | Geh:1    | Entered Level 1 of Gehenna
 76323 | Geh:1    | Reached skill level 1 in Necromancy
 77288 | Geh:3    | Reached skill level 15 in Conjurations
 79314 | Geh:7    | Entered Level 7 of Gehenna
 80553 | Geh:7    | Identified the +7 falchion "Ruadis" {vamp, +Blink rCorr
                  | Dex-2 SInv}
 80553 | Geh:7    | Identified the ring of Gin and Tonic {rCorr EV+5 Int+3
                  | Dex-2}
 80553 | Geh:7    | Identified the staff "Fiesh" {rElec rN++ Dex-4 Stlth+ Conj}
 80553 | Geh:7    | Identified the +2 demon trident of Reinforcement {pain,
                  | rElec rPois Will- Int+2}
 80553 | Geh:7    | Identified the Directory of Embers
 80553 | Geh:7    | Identified the +6 sling "Righa" {drain, Str+4}
 81156 | Geh:7    | Found the +13 sceptre of Asmodeus
 81156 | Geh:7    | Noticed Asmodeus
 81173 | Geh:7    | Killed Asmodeus
 81346 | Geh:7    | Got an obsidian rune of Zot
 81581 | Tar:1    | Entered Level 1 of Tartarus
 81598 | Tar:1    | Reached skill level 22 in Dodging
 81625 | Tar:1    | Reached skill level 1 in Evocations
 82584 | Tar:4    | Noticed a dread lich
 82586 | Tar:4    | Killed a dread lich
 82827 | Tar:4    | Noticed an ancient lich
 82835 | Tar:4    | Killed an ancient lich
 84398 | Tar:7    | Entered Level 7 of Tartarus
 84400 | Tar:7    | Noticed an ancient lich
 84407 | Tar:7    | Killed an ancient lich
 84422 | Tar:7    | Reached skill level 5 in Evocations
 84733 | Tar:7    | Noticed a dread lich
 84739 | Tar:7    | Noticed an ancient lich
 84745 | Tar:7    | Killed a dread lich
 84747 | Tar:7    | Killed an ancient lich
 84976 | Tar:7    | Noticed an ancient lich
 84981 | Tar:7    | Killed an ancient lich
 85057 | Tar:7    | Identified the ring "Dejiq" {rF+ rN+ Slay+4}
 85683 | Tar:7    | Noticed Ereshkigal
 85699 | Tar:7    | Killed Ereshkigal
 85978 | Tar:7    | Got a bone rune of Zot
 86319 | Tar:7    | Identified the +11 sling "Gyraps" {flame, rPois}
 86846 | Tar:7    | Identified the Meditations on the Vector and the Tempest
 87168 | Tar:7    | Identified the ring "Kom Kuec" {Dex+5 SInv}
 87178 | Tar:7    | Identified the ring "Nomugg" {Fire rCorr Str+3}
 87189 | Tar:7    | Identified the +1 pair of boots "Neshre Dufuxt" {rElec rF-
                  | rC+ Slay+5}
 87778 | Pan      | Entered Pandemonium
 87801 | Pan      | Found Nygotiug's Book Shoppe.
 87812 | Pan      | Found an opulent altar of Gozag.
 87816 | Pan      | Found Nygotiug's Superb Hardware.
 87824 | Pan      | Found an opulent altar of Gozag.
 87828 | Pan      | Reached skill level 23 in Dodging
 87830 | Pan      | Noticed Nygotiug the pandemonium lord
 87832 | Pan      | Found Nygotiug's Infernal Boutique.
 87842 | Pan      | Killed Nygotiug the pandemonium lord
 87849 | Pan      | Noticed a dread lich
 87853 | Pan      | Found an opulent altar of Gozag.
 87858 | Pan      | Killed a dread lich
 87878 | Pan      | Found Nygotiug's Demonic Rune Depot.
 88128 | Pan      | Bought a demonic rune of Zot for 4842 gold pieces
 88586 | Pan      | Found an exit through the horrors of the Abyss.
 88918 | Pan      | Identified the +9 dagger "Beetlebane" {spect, *Rage +Blink
                  | rF++ Stlth+}
 89145 | Pan      | Noticed Tuateav the pandemonium lord
 89163 | Pan      | Killed Tuateav the pandemonium lord
 89795 | Pan      | Gained mutation: You sometimes lose your temper in combat.
                  | [a neqoxec]
 90810 | Pan      | Noticed Kuduit the pandemonium lord
 90831 | Pan      | Killed Kuduit the pandemonium lord
 91351 | Pan      | Found an exit through the horrors of the Abyss.
 92111 | Pan      | Identified the +1 rapier of Linearity {freeze, *Rage rElec
                  | rN++ Str+4}
 92128 | Pan      | Noticed Vavvofau the pandemonium lord
 92132 | Pan      | Reached skill level 10 in Evocations
 92148 | Pan      | Killed Vavvofau the pandemonium lord
 92626 | Pan      | Identified the +0 scale mail "Kawnoh" {rPois Str+2}
 92764 | Pan      | Identified the +0 chain mail of the Thistle {+Inv rElec
                  | Int+3}
 93138 | Pan      | Found an exit through the horrors of the Abyss.
 93575 | Pan      | Noticed Uxtyucill the pandemonium lord
 93580 | Pan      | Killed Uxtyucill the pandemonium lord
 94271 | Pan      | Noticed Bogaaj the pandemonium lord
 94287 | Pan      | Killed Bogaaj the pandemonium lord
 94317 | Pan      | Found an exit through the horrors of the Abyss.
 94857 | Pan      | Entered the realm of Lom Lobon.
 94857 | Pan      | Noticed Lom Lobon
 94911 | Pan      | Reached skill level 24 in Dodging
 95320 | Pan      | Learned a level 7 spell: Malign Gateway
 96425 | Pan      | HP: 2/249 [Lom Lobon/great icy blast (47)]
 96437 | Pan      | Killed Lom Lobon
 96756 | Pan      | Got a magical rune of Zot
 97798 | Pan      | Noticed Melug the pandemonium lord
 97808 | Pan      | Killed Melug the pandemonium lord
 97814 | Pan      | Reached skill level 5 in Translocations
 98237 | Pan      | Noticed Agoclesh the pandemonium lord
 98243 | Pan      | Killed Agoclesh the pandemonium lord
 98604 | Pan      | Entered the realm of Gloorx Vloq.
 99617 | Pan      | Identified the +10 halberd "Inlufuok" {vamp, rPois rN+
                  | Str+4}
100324 | Pan      | Noticed Gloorx Vloq
100333 | Pan      | Killed Gloorx Vloq
100500 | Pan      | Got a dark rune of Zot
100559 | Pan      | Reached skill level 25 in Dodging
100591 | Pan      | Entered the realm of Mnoleg.
100602 | Pan      | Noticed Mnoleg
100710 | Pan      | Reached skill level 15 in Earth Magic
101310 | Pan      | Killed Mnoleg
101430 | Pan      | Got a glowing rune of Zot
101486 | Pan      | Lost mutation: Your spells are harder to cast, but more
                  | powerful. [potion of mutation]
101486 | Pan      | Lost mutation: You are very clumsy. (Dex -4) [potion of
                  | mutation]
101486 | Pan      | Gained mutation: You are robust. (+10% HP) [potion of
                  | mutation]
101486 | Pan      | Gained mutation: You expend magic power (3 MP) to
                  | strengthen your wands. [potion of mutation]
101713 | Pan      | Entered the realm of Cerebov.
102057 | Pan      | Identified the ring "Pidghe Aqic" {rPois rC+ Str+3}
102116 | Pan      | Identified the +11 rapier of In Flagrante Delicto
                  | {antimagic, rElec Str+5 Int+4 Stlth-}
102128 | Pan      | Found the +6 sword of Cerebov {flame}
102128 | Pan      | Noticed Cerebov
102156 | Pan      | Killed Cerebov
102157 | Pan      | Reached skill level 26 in Dodging
102467 | Pan      | Got a fiery rune of Zot
102476 | Pan      | Identified the +1 leather armour of Zadijeom {Int+4}
102495 | Pan      | Identified the Codex of the Ghastly Atmosphere
102495 | Pan      | Identified the +9 storm dragon scales of Beogh's
                  | Condemnation {rElec rF+ rCorr Str+2 Dex-2}
102497 | Pan      | Identified the amulet "Irroob Lyorr" {Acrobat Will+ MP+9
                  | Int+3}
103345 | Pan      | Identified the +0 helmet of Duruosuw {rF+ SInv}
103770 | Pan      | Noticed Myosch the pandemonium lord
103784 | Pan      | Killed Myosch the pandemonium lord
103931 | Pan      | Found an exit through the horrors of the Abyss.
104113 | Pan      | Reached skill level 27 in Dodging
104400 | Pan      | Reached skill level 1 in Ice Magic
104546 | Pan      | Found an exit through the horrors of the Abyss.
104635 | Pan      | Identified the blade talisman of Temperance {rElec}
104698 | Pan      | Noticed Oriwk the pandemonium lord
104711 | Pan      | Killed Oriwk the pandemonium lord
104950 | Pan      | Noticed Gyteuju the pandemonium lord
104955 | Pan      | Killed Gyteuju the pandemonium lord
104970 | Orc:2    | Escaped Pandemonium
105539 | Crypt:1  | Entered Level 1 of the Crypt
105545 | Crypt:1  | Reached skill level 5 in Ice Magic
105784 | Crypt:1  | Noticed a dread lich
105801 | Crypt:1  | Killed a dread lich
107768 | Crypt:3  | Entered Level 3 of the Crypt
107817 | Crypt:3  | Identified the ring "Kawis" {Ice rCorr Str+4 Int-5 Stlth+}
107817 | Crypt:3  | Noticed Josephina
107826 | Crypt:3  | Killed Josephina
108505 | Crypt:3  | Identified the +6 scale mail of Complete Protection {rC+
                  | rCorr Dex+2 Stlth+}
108574 | Crypt:3  | Identified the +8 great sword of Eternal Vigilance {spect,
                  | Fly rPois Int+4}
108574 | Crypt:3  | Identified the ring of Law {rC+ rN+ Dex+4}
108574 | Crypt:3  | Identified the ring of Ucwoqame {rF+ rN+ Int+4 Slay+3}
108575 | Crypt:3  | Identified the Papyrus of Necromantic Ceremonies
108672 | Crypt:3  | Noticed an ancient lich
108672 | Crypt:3  | Noticed a dread lich
108672 | Crypt:3  | Noticed a dread lich
108672 | Crypt:3  | Noticed an ancient lich
109102 | Crypt:3  | Learned a level 1 spell: Apportation
109358 | Crypt:3  | Found a staircase to the Tomb.
109976 | Coc:1    | Entered Level 1 of Cocytus
111062 | Coc:2    | Noticed an ancient lich
111069 | Coc:2    | Reached skill level 10 in Ice Magic
111069 | Coc:2    | Killed an ancient lich
112055 | Coc:4    | Paralysed by a wendigo for 1 turns
113725 | Coc:7    | Entered Level 7 of Cocytus
114090 | Coc:7    | Paralysed by a wendigo for 1 turns
114236 | Coc:7    | Paralysed by a wendigo for 1 turns
114452 | Coc:7    | Identified the ring "Woemon" {rElec rPois rC++ Dex-2}
114466 | Coc:7    | Paralysed by a wendigo for 1 turns
114654 | Coc:7    | Paralysed by a wendigo for 1 turns
115544 | Coc:7    | Noticed Antaeus
115562 | Coc:7    | Killed Antaeus
115745 | Coc:7    | Identified Wur Rog's Enchiridion on Assistive Inhalation
115748 | Coc:7    | Identified the staff of Bifoly {rElec Dex+3 Air}
115762 | Coc:7    | Got an icy rune of Zot
116089 | Coc:7    | Identified the +5 trident of the Evening {freeze, rElec
                  | rPois rN++ Int-2}
116421 | Dis:1    | Entered Level 1 of the Iron City of Dis
118201 | Dis:7    | Entered Level 7 of the Iron City of Dis
118224 | Dis:7    | Reached skill level 10 in Shields
118905 | Dis:7    | Reached skill level 15 in Ice Magic
118909 | Dis:7    | Noticed a juggernaut
118916 | Dis:7    | Killed a juggernaut
119658 | Dis:7    | Identified the +4 hand axe of the Goat {freeze, rN+ Will+
                  | Int+3}
119659 | Dis:7    | Identified the ring "Ajoonac" {Wiz rElec Str-2 Dex+6}
120218 | Dis:7    | Noticed an ancient lich
120224 | Dis:7    | Killed an ancient lich
120246 | Dis:7    | Learned a level 9 spell: Polar Vortex
121585 | Dis:7    | Noticed the Serpent of Hell
121597 | Dis:7    | Killed the Serpent of Hell
121901 | Dis:7    | Noticed a juggernaut
121906 | Dis:7    | Killed a juggernaut
122032 | Dis:7    | Identified the ring of Pride {Str+6 Dex+2}
122032 | Dis:7    | Noticed Dispater
122049 | Dis:7    | Killed Dispater
122203 | Dis:7    | Got an iron rune of Zot
122979 | Tomb:1   | Entered Level 1 of the Tomb of the Ancients
123007 | Tomb:1   | Noticed Boris
123012 | Tomb:1   | Killed Boris
123124 | Tomb:1   | Noticed a royal mummy
123124 | Tomb:1   | Noticed a royal mummy
123124 | Tomb:1   | Noticed a royal mummy
124064 | Tomb:1   | Noticed a royal mummy
124068 | Tomb:1   | Killed a royal mummy
124074 | Tomb:1   | Noticed a royal mummy
124076 | Tomb:1   | Killed a royal mummy
124081 | Tomb:1   | Killed a royal mummy
124084 | Tomb:1   | Killed a royal mummy
124086 | Tomb:1   | Noticed a royal mummy
124094 | Tomb:1   | Killed a royal mummy
124123 | Tomb:1   | Killed a royal mummy
124582 | Tomb:1   | Noticed a royal mummy
124588 | Tomb:1   | Killed a royal mummy
124669 | Tomb:1   | Noticed a royal mummy
124680 | Tomb:1   | Killed a royal mummy
124743 | Tomb:1   | Noticed a royal mummy
124751 | Tomb:1   | Killed a royal mummy
124867 | Tomb:1   | Noticed a royal mummy
124873 | Tomb:1   | Killed a royal mummy
124896 | Tomb:1   | Noticed a royal mummy
124907 | Tomb:1   | Noticed a royal mummy
124910 | Tomb:1   | Killed a royal mummy
124914 | Tomb:1   | Noticed a royal mummy
124915 | Tomb:1   | Killed a royal mummy
124918 | Tomb:1   | Killed a royal mummy
125092 | Tomb:1   | Noticed a royal mummy
125097 | Tomb:1   | Noticed a royal mummy
125102 | Tomb:1   | Killed a royal mummy
125110 | Tomb:1   | Killed a royal mummy
125374 | Tomb:1   | Noticed a royal mummy
125381 | Tomb:1   | Killed a royal mummy
125450 | Tomb:1   | Noticed a royal mummy
125454 | Tomb:1   | Killed a royal mummy
125564 | Tomb:1   | Noticed a royal mummy
125566 | Tomb:1   | Killed a royal mummy
127137 | Tomb:2   | Noticed a royal mummy
127137 | Tomb:2   | Noticed a royal mummy
127137 | Tomb:2   | Noticed a royal mummy
127138 | Tomb:2   | Noticed a royal mummy
127139 | Tomb:2   | Noticed Mennas
127145 | Tomb:2   | Killed a royal mummy
127168 | Tomb:2   | Gained mutation: Armour fits poorly on your strangely
                  | shaped body. [a neqoxec]
127168 | Tomb:2   | Killed a royal mummy
127169 | Tomb:2   | HP: 12/271 [something (15)]
127174 | Tomb:2   | Killed a royal mummy
127176 | Tomb:2   | Killed a royal mummy
127177 | Tomb:2   | HP: 5/273 [something (16)]
127197 | Tomb:2   | Killed Mennas
128955 | Vaults:5 | Learned a level 3 spell: Mephitic Cloud
129510 | Tomb:2   | Identified the cursed +2 cloak "Annoyance of Ashenzari"
                  | {Stlth+, Comp, Fort} (You took it off Maurice on level 2 of
                  | the Orcish Mines)
129540 | Tomb:3   | Entered Level 3 of the Tomb of the Ancients
129557 | Tomb:3   | Noticed a royal mummy
129566 | Tomb:3   | Noticed a royal mummy
129573 | Tomb:3   | Noticed a royal mummy
129575 | Tomb:3   | Noticed a royal mummy
129580 | Tomb:3   | Killed a royal mummy
129587 | Tomb:3   | Noticed a royal mummy
129596 | Tomb:3   | Noticed Khufu
129599 | Tomb:3   | Got a golden rune of Zot
130434 | Zot:5    | Got the Orb of Zot
130466 | Zot:5    | Noticed Xumn the pandemonium lord
130499 | Zot:3    | Noticed Ymiytaof the pandemonium lord
130503 | Zot:3    | Killed Ymiytaof the pandemonium lord
130560 | Zot:2    | Noticed Rinnuurph the pandemonium lord
130569 | Zot:1    | Killed Rinnuurph the pandemonium lord
131119 | D:$      | Escaped with the Orb!

Illustrated notes

Levels and vault maps discovered:
D:1:      dpeg_arrival_connections, layout_loops_corners
D:2:      layout_basic, chequers_ecumenical_altar_island
D:3:      layout_loops_cross, mainiacjoe_overflow_small_starburst,
          nicolae_overflow_hidden_temple, gammafunk_ghost_abyssal_escape,
          minmay_bisected
D:4:      layout_basic, trog_hazing_becter, nicolae_ashenzari_panopticon,
          nicolae_wu_jian_immortal_techniques
D:5:      layout_basic, worldfamousw_hep_ancestral_shrine,
          minmay_temple_entry_poolview
D:6:      nicolae_whirlpool, layout_basic, xom_teletrap_fun, serial_shops, shop,
          hangedman_decor_opposing
D:7:      layout_basic, grunt_temple_overflow_diamond
D:8:      layout_basic, enter_bailey_2, chequers_serial_rivers_marsh,
          minmay_circle_x, uniq_psyche, uniq_maggie
D:9:      layout_basic, elyvilon_altar_3, mainiacjoe_overflow_catwalk,
          mainiacjoe_overflow_brackets
D:10:     layout_rooms, orc_david_3
D:11:     layout_rooms, lair_entry_dummy, serial_bayou_pond_e, uniq_gastronok,
          uniq_grum, uniq_erolcha
D:12:     layout_cross, gauntlet_entry_generic, nicolae_fort_ynox
D:13:     layout_loops_cross, hangedman_vaults_entry_quadrant_bands,
          serial_glass, glass_columns_a, glass_columns_c, feat_on_display,
          due_unseen_surprise, feat_on_display, uniq_kirke
D:14:     layout_layer_cave, infiniplex_staircase_pool_1
D:15:     hangedman_depths_entry_civil_slaughter, layout_rooms,
          hangedman_decor_points, hangedman_parallel_progression
Temple:   hellmonk_temple_forest_ring
Lair:1:   layout_cave_pods, serial_forest, infiniplex_forest_lined_room_2,
          infiniplex_forest_end_2, infiniplex_forest_zigzag_1,
          infiniplex_forest_lined_3_way, infiniplex_forest_corner_1,
          infiniplex_forest_corner_1
Lair:2:   layout_cave_pods, mainiacjoe_swamp_entry_angry_trees,
          lemuel_fruit_fields, uniq_amaemon, uniq_harold
Lair:3:   layout_gridlike, nicolae_spider_entry_non_spiders,
          portal_ice_cave_entry_ice_simulacra, minmay_lair_oklob_bushes,
          lemuel_fruit_tree
Lair:4:   layout_gridlike, slime_entry_1, nicolae_lair_lindhole
Lair:5:   hellmonk_lair_end_abyssal_woods, layout_gridlike
Swamp:1:  layout_falls_marsh, hangedman_swamp_lotus, hangedman_swamp_ravenous
Swamp:2:  cheibrodos_swamp_heart_of_darkness, layout_basic_swamp,
          nicolae_swamp_small_spring, swamp_pool_4, nicolae_swamp_fairy_circle,
          uniq_louise, uniq_nikola, uniq_aizul
Swamp:3:  layout_basic_swamp, evilmike_swamp_ruin_rubble_2, swamp_pool_5,
          uniq_bai_suzhen
Swamp:4:  swamp_fiery, layout_basic_swamp
Spider:1: layout_spider_delve
Spider:2: layout_spider_delve, hellmonk_ghost_happy_afterlife,
          nicolae_orb_stairs
Spider:3: nicolae_spider_broodchamber
Spider:4: hellmonk_spider_rune_bug_friends, hellmonk_narrow_tunnel
Slime:1:  layout_caves
Slime:2:  layout_caves
Slime:3:  layout_caves
Slime:4:  cheibrodos_slime_lost_civilization_2, layout_caves
Slime:5:  slime_pit
Orc:1:    layout_caves, nicolae_shop_clearance
Orc:2:    pf_orc_diabolical, layout_caves, serial_shops,
          nicolae_shop_gaudy_bauble, statue_in_the_mist_lemuel, uniq_donald,
          uniq_maurice, uniq_jorgrun
Elf:1:    layout_loops_cross, serial_shops, nicolae_diamond_shop,
          minmay_elf_necromancy, corner_web_ring,
          nicolae_elf_shapeshifter_party, uniq_roxanne
Elf:2:    elven_hall_of_blades_hangedman_original
          [nicolae_blade_entry_splitting_headache], layout_geoelf_grid
Elf:3:    minmay_elf_hall_furrowed, layout_onion_city
Vaults:1: nicolae_vaults_tangram_2, minmay_orc_keep,
          vaults_room_hangedman_quadrants, nicolae_vaults_trapezoid_lopsided_3,
          nicolae_vaults_shelves_hall, nicolae_vaults_border_crossing,
          layout_vaults_omnigrid
Vaults:2: dpeg_vaults_monster_box, hangedman_vaults_stitches,
          vaults_mumra_minichess, nicolae_vaults_trapezoid_2,
          nicolae_vaults_quartermaster, nicolae_vaults_diamond_2, v_pattern_3,
          v_misc_27, vaults_dpeg_hooks, vaults_standard_mumra_lines,
          layout_vaults_big_room, uniq_boris
Vaults:3: hangedman_vaults_stream, v_rooms_6, nicolae_vaults_circle_grid_b,
          v_misc_18, minmay_crypt_entry_nasty_monster, v_misc_19,
          nicolae_vaults_weapon_check, ontoclasm_vaults_fault,
          ontoclasm_vaults_loading_screen, nicolae_vaults_more_shelving_1,
          grunt_vaults_twisty, ontoclasm_vaults_gateway,
          layout_vaults_omnicross, uniq_mara, uniq_norris
Vaults:4: vaults_room_boxed, nicolae_vaults_storage_closets_1,
          nicolae_vaults_doubleplus_tesselated, st_cells,
          nicolae_vaults_hexular_roomagon, ontoclasm_vaults_bender,
          ontoclasm_vaults_tryst, v_rooms_3, nicolae_vaults_diamond_2,
          v_misc_19, nicolae_vaults_apartment_2, hangedman_vaults_stagger,
          ontoclasm_vaults_eye, nicolae_vaults_trapezoid_2,
          nicolae_vaults_theta, layout_vaults_maze_bifur, uniq_jory
Vaults:5: serial_shops
Crypt:1:  grunt_deathspiral_small, layout_chaotic_city, serial_glass,
          glass_columns_a, glass_columns_a
Crypt:2:  layout_catacombs, nicolae_crypt_soggy_tomb, st_stairs_5
Crypt:3:  david_glass_crypt, layout_misc_corridors,
          nicolae_tomb_entry_grand_gallery, corexii_leaking_fountain,
          serial_library_hellmonk_metal_room, uniq_josephina
Tomb:1
Tomb:2:   uniq_mennas
Tomb:3
Depths:1: layout_small_grid, nicolae_qazlal_style_of_elements,
          gammafunk_ghost_icy, grunt_hell_entry_demonic_statue,
          nicolae_dithmenos_through_a_glass_darkly
Depths:2: kennysheep_treasure_stockpile, layout_gridlike, enter_ziggurat_a,
          nicolae_vehumet_altar_sigil, hell_entry, pan_entry, serial_shops,
          nicolae_shop_stone, shop
Depths:3: four-leaf_vault, layout_cave_pools, abyss_entry_small_statue_room,
          minmay_misc_feat_room, hangedman_tar_grid_catacomb, uniq_margery
Depths:4: grunt_crosshair, layout_cave_pools, hell_entry, nrook_pool_corridor,
          grunt_pan_entry_sceptre, kennysheep_vampire_church, minmay_shop_grove,
          uniq_parghit, uniq_enchantress, uniq_xtahua
Hell
Dis:1:    layout_regular_city, nicolae_dis_scattering
Dis:2:    layout_gridville
Dis:3:    layout_subdivisions
Dis:4:    layout_regular_city
Dis:5:    layout_jigsaw
Dis:6:    layout_gridville, nicolae_dis_distal_crystal
Dis:7:    dis_st
Geh:1:    hangedman_generic_boss_arena
Geh:2:    layout_gehenna_pools_basic, nicolae_hells_fiendish_ambush
Geh:3:    layout_gehenna_lava_caves, nicolae_hells_hurtin_island
Geh:4:    layout_gehenna_lava_caves
Geh:5:    layout_gehenna_pools_triple
Geh:6:    layout_gehenna_lava_caves
Geh:7:    evilmike_geh
Coc:1:    layout_cocytus_water_paths, nicolae_coc_statues_of_limitations
Coc:2:    layout_ice_bergs
Coc:3:    layout_ice_bergs
Coc:4:    layout_cocytus_water_paths
Coc:5:    layout_cocytus_water_paths
Coc:6:    layout_cocytus_water_paths
Coc:7:    coc_hangedman
Tar:1:    layout_catacombs, nicolae_tar_cuneiform_bird,
          nicolae_tar_spectre_spectrum
Tar:2:    layout_honeycomb
Tar:3:    layout_cathedral_of_symmetry
Tar:4:    layout_honeycomb, tekkud_tar_snaking_path
Tar:5:    layout_grid_maze
Tar:6:    layout_grid_maze, lemuel_nasty_fountain
Tar:7:    tar_old
Zot:1:    layout_misc_corridors, nrook_zot_tub, uniq_vv
Zot:2:    regret_index_infernal_bastille, layout_gridlike, grunt_megastairs_2
Zot:3:    layout_gridville
Zot:4:    hangedman_zot_vaults_quadrants, layout_concentric_octagons,
          regret_index_zotdec_ex, regret_index_zotdec_under_construction
Zot:5:    layout_onion, st_stairs_9, nicolae_diode_basic

Skill      XL: |  1  2  3  4  5  6  7  8  9 10 11 12 13 14 15 16 17 18 19 20 21 22 23 24 25 26 27 |
---------------+----------------------------------------------------------------------------------+-----
Dodging        | 2 3 4 5 6 7 8 9 10 11 12 13 14 15 16 17 19 20 27 | 27.0
Fighting       | 1 2 3 4 5 6 8 9 10 11 12 13 14 15 16 17 19 20 21 24 | 24.9
Armour         | 1 2 4 5 7 8 10 17 18 23 | 23.7
Spellcasting   | 3 4 5 6 7 8 9 10 11 12 13 14 15 16 17 18 19 24 | 24.4
Summonings     | 5 6 7 9 10 11 12 13 14 15 16 17 18 19 20 21 22 | 22.8
Fire Magic     | 1 2 3 |  3.0
Long Blades    | 1 2 4 5 6 7 8 9 10 11 | 11.9
Air Magic      | 1 |  1.7
Shields        | 1 3 4 6 8 10 | 10.6
Earth Magic    | 1 3 5 7 8 9 16 | 16.5
Translocations | 2 8 |  8.0
Conjurations   | 3 5 7 8 10 11 13 24 | 24.1
Necromancy     | 3 |  3.3
Evocations     | 12 | 12.6
Ice Magic      | 22 | 22.2
Axes           | |  0.4
Stealth        | |  1.7

Action                     |  1- 3 |  4- 6 |  7- 9 | 10-12 | 13-15 | 16-18 | 19-21 | 22-24 | 25-27 || total
---------------------------+-------+-------+-------+-------+-------+-------+-------+-------+-------++-------
  Melee: Dagger            |    86 |   186 |    20 |       |       |       |       |       |       ||   292
         Kick              |     3 |       |       |       |       |       |   328 |   462 |  1750 ||  2543
         Punch             |     2 |     5 |     2 |     4 |     2 |       |       |       |       ||    15
         Long sword        |       |       |   110 |   189 |   488 |   620 |   602 |   441 |       ||  2450
         War axe           |       |       |     3 |       |       |       |       |       |       ||     3
         Demon blade       |       |       |       |       |       |       |       |   369 |  2809 ||  3178
         Scimitar          |       |       |       |       |       |       |       |       |    12 ||    12
   Cast: Summon Small Mamm |    19 |    15 |     8 |       |     1 |       |       |       |       ||    43
         Call Imp          |    14 |    14 |    12 |     1 |     2 |       |       |       |       ||    43
         Call Canine Famil |       |    14 |    29 |    50 |   146 |   103 |    18 |    11 |     2 ||   373
         Summon Blazeheart |       |       |     6 |    31 |    46 |    23 |    11 |       |     3 ||   120
         Summon Lightning  |       |       |     3 |    13 |    13 |     3 |     2 |       |       ||    34
         Summon Forest     |       |       |       |    12 |    25 |    34 |    53 |     6 |    63 ||   193
         Summon Hydra      |       |       |       |     2 |    13 |   157 |   151 |    25 |    38 ||   386
         Animate Armour    |       |       |       |     2 |    10 |    11 |    20 |     2 |     7 ||    52
         Brom's Barrelling |       |       |       |       |    17 |    48 |     3 |       |       ||    68
         Lee's Rapid Decon |       |       |       |       |       |    19 |       |       |       ||    19
         Martyr's Knell    |       |       |       |       |       |    41 |    72 |    18 |   133 ||   264
         Summon Horrible T |       |       |       |       |       |       |    27 |    10 |    71 ||   108
         Dragon's Call     |       |       |       |       |       |       |       |    49 |   263 ||   312
         Spellforged Servi |       |       |       |       |       |       |       |     3 |   168 ||   171
         Summon Mana Viper |       |       |       |       |       |       |       |       |    21 ||    21
         Lehudib's Crystal |       |       |       |       |       |       |       |       |   118 ||   118
         Haunt             |       |       |       |       |       |       |       |       |    30 ||    30
         Malign Gateway    |       |       |       |       |       |       |       |       |    27 ||    27
         Apportation       |       |       |       |       |       |       |       |       |     7 ||     7
         Polar Vortex      |       |       |       |       |       |       |       |       |     3 ||     3
         Mephitic Cloud    |       |       |       |       |       |       |       |       |     3 ||     3
 Invoke: Curse Item        |       |       |     4 |     4 |     8 |     2 |     2 |     2 |     6 ||    28
         Shatter the Chain |       |       |       |     5 |     2 |     1 |     3 |     1 |     7 ||    19
Ability: Hurl Damnation    |       |       |       |       |       |       |       |       |     3 ||     3
  Evoke: Lightning rod     |       |       |       |       |       |     3 |     1 |       |     2 ||     6
         Sack of spiders   |       |       |       |       |       |     1 |     1 |       |     2 ||     4
         Wand              |       |       |       |       |       |       |     1 |       |    12 ||    13
         Horn of Geryon    |       |       |       |       |       |       |       |       |     3 ||     3
         Condenser vane    |       |       |       |       |       |       |       |       |     3 ||     3
         Phantom mirror    |       |       |       |       |       |       |       |       |     2 ||     2
    Use: Scroll            |       |       |     4 |       |     6 |     1 |     6 |    13 |    38 ||    68
         Potion            |       |       |     2 |     1 |       |     2 |     1 |     4 |    64 ||    74
   Stab: Sleeping          |     3 |     2 |       |       |       |       |     1 |       |       ||     6
         Distracted        |     2 |     2 |       |     1 |     9 |    14 |    23 |    33 |    86 ||   170
         Invisible         |       |       |       |       |       |       |       |       |     2 ||     2
 Armour: Robe              |    42 |    10 |       |       |       |       |       |       |       ||    52
         Leather armour    |       |   108 |   127 |    78 |       |       |       |       |       ||   313
         Ring mail         |       |       |       |   110 |    76 |       |       |       |       ||   186
         Scale mail        |       |       |       |       |   344 |   453 |   341 |       |   626 ||  1764
         Acid dragon scale |       |       |       |       |       |       |    67 |   197 |     4 ||   268
         Plate armour      |       |       |       |       |       |       |       |       |   984 ||   984
         Storm dragon scal |       |       |       |       |       |       |       |       |   228 ||   228
         Gold dragon scale |       |       |       |       |       |       |       |       |     4 ||     4
  Dodge: Dodged            |    56 |   136 |   158 |   208 |   526 |   467 |   580 |   554 |  1773 ||  4458
  Block: Buckler           |       |       |       |       |   250 |   301 |   107 |       |       ||   658
         Kite shield       |       |       |       |       |       |       |   439 |   683 |  2181 ||  3303
         Reflection        |       |       |       |       |       |       |    10 |    58 |    53 ||   121

Table legend: (Time is in decaauts)
 A = Elapsed time spent in this place.
 B = Non-inter-level travel time spent in this place.
 C = Inter-level travel time spent in this place.
 D = Time resting spent in this place.
 E = Time spent auto-exploring this place.
 F = Levels seen in this place.
 G = Mean time per level.
                   A        B        C        D        E       F      G
               +--------+--------+--------+--------+--------+-----+--------+
         Total | 136354 | 122981 |  13373 |  37812 |  45420 | 111 | 1228.4 |
       Dungeon |  20625 |  17041 |   3584 |   3500 |   9010 |  15 | 1375.0 |
        Temple |      1 |      1 |      0 |      0 |      0 |   1 |    1.0 |
          Lair |   8004 |   6782 |   1222 |    753 |   4430 |   5 | 1600.8 |
         Swamp |   4222 |   3974 |    248 |    741 |   2201 |   4 | 1055.5 |
   Spider Nest |   5807 |   5559 |    248 |   1320 |   2617 |   4 | 1451.8 |
    Slime Pits |   3210 |   2736 |    474 |   1114 |    878 |   5 |  642.0 |
  Orcish Mines |   3033 |   2670 |    363 |    924 |   1044 |   2 | 1516.5 |
   Elven Halls |   6291 |   6080 |    211 |   2099 |   2059 |   3 | 2097.0 |
        Vaults |   9596 |   7791 |   1805 |    408 |   4577 |   5 | 1919.2 |
         Crypt |   5287 |   4368 |    919 |   1429 |   1691 |   3 | 1762.3 |
          Tomb |   5342 |   4121 |   1221 |   2306 |    286 |   3 | 1780.7 |
        Depths |   8227 |   7061 |   1166 |   2201 |   3037 |   4 | 2056.8 |
          Hell |    961 |    781 |    180 |    241 |    265 |   1 |  961.0 |
           Dis |   6355 |   6089 |    266 |   2373 |   1351 |   7 |  907.9 |
       Gehenna |   5358 |   5143 |    215 |   2661 |   1157 |   7 |  765.4 |
       Cocytus |   5789 |   5632 |    157 |   2956 |   1255 |   7 |  827.0 |
      Tartarus |   6163 |   5932 |    231 |   2634 |   1615 |   7 |  880.4 |
           Zot |   9644 |   8788 |    856 |   2566 |   3462 |   5 | 1928.8 |
         Abyss |   2689 |   2689 |      0 |    312 |    518 |   4 |  672.2 |
   Pandemonium |  17634 |  17634 |      0 |   6091 |   3729 |  16 | 1102.1 |
        Bailey |    707 |    707 |      0 |    299 |     71 |   1 |  707.0 |
      Ice Cave |    177 |    177 |      0 |     76 |      0 |   1 |  177.0 |
      Gauntlet |   1223 |   1223 |      0 |    805 |    159 |   1 | 1223.0 |
               +--------+--------+--------+--------+--------+-----+--------+

Top non-repeatable levels by time:
   Dis:7: 4550 daAuts
  Tomb:1: 3785 daAuts
   Tar:7: 3237 daAuts
   Zot:2: 2765 daAuts
   Coc:7: 2729 daAuts
 Crypt:3: 2599 daAuts
    D:15: 2456 daAuts
Depths:2: 2435 daAuts
   Elf:3: 2371 daAuts
   Geh:7: 2288 daAuts
   Elf:2: 2251 daAuts
   Zot:4: 2202 daAuts
Depths:3: 2165 daAuts
Vaults:3: 2127 daAuts
    D:14: 2108 daAuts
